 Dungeon Crawl Stone Soup version 0.30-a0-782-ge64f9170bb (webtiles) character file.

Game seed: 13871474456166548384

9808558 Noulsu the Archmage (level 27, 273/273 HPs)
             Began as a Ghoul Conjurer on Mar 5, 2023.
             Was the Champion of Sif Muna.
             Escaped with the Orb
             ... and 15 runes on Mar 16, 2023!
             The game lasted 22:56:37 (173627 turns).

Noulsu the Archmage (Ghoul Conjurer)              Turns: 173627, Time: 22:56:38

Health: 273/273    AC: 16    Str: 15      XL:     27
Magic:  19/62      EV: 23    Int: 25 (26) God:    Sif Muna [******]
Gold:   12025      SH:  0    Dex:  9      Spells: 0/80 levels left

rFire   + + +      SeeInvis +    b - +4 arbalest of Intuition {flame, rF+ rCorr Int+3, !a}
rCold   + + +      Faith    .    (shield currently unavailable)
rNeg    + + +      Spirit   .    T - +2 robe {Archmagi}
rPois   ∞          Reflect  .    D - +0 helmet of Integrity {Will++}
rElec   +          Harm     .    Z - scarf {rC+ rF+}
rCorr   +          Rampage  .    S - +2 pair of gloves
Will    ++++.      Archmagi +    F - +2 pair of boots {Fly}
Stlth   +                        Y - dreamshard necklace {*Dream Drain}
HPRegen 0.65/turn                g - ring of Compassion {rElec rC+ EV+5 SInv}
MPRegen 0.38/turn                p - ring of Xocsu {rF+ MP+9 Dex+2, !R!T!w}

@: flying, studying 9 skills
A: claws 1, cold resistance 1, negative energy resistance 3, inhibited
regeneration, torment resistance 2, devour on kill
0: Orb of Zot
}: 15/15 runes: serpentine, barnacled, slimy, silver, golden, iron, obsidian,
icy, bone, abyssal, demonic, glowing, magical, fiery, dark
a: Renounce Religion, Channel Magic, Forget Spell, Divine Exegesis


You escaped.
You worshipped Sif Muna.
Sif Muna was exalted by your worship.
You visited 18 branches of the dungeon, and saw 88 of its levels.
You visited Pandemonium 6 times, and saw 14 of its levels.
You visited the Abyss 7 times.
You also visited: Trove and Wizlab.

You collected 19810 gold pieces.
You spent 7785 gold pieces at shops.

Inventory:

Hand Weapons
 a - the +8 hand axe of Uncomfortable Rashes {freeze, Str+2 Int+9 Stlth-, !a}
   (You found it on level 3 of the Realm of Zot)

   Str:       It affects your strength (+2).
   Int:       It affects your intelligence (+9).
   Stlth:     It makes you less stealthy.
 b - the +4 arbalest of Intuition (weapon) {flame, rF+ rCorr Int+3, !a}
   (You found it in Pandemonium)

   Int:       It affects your intelligence (+3).
   rF:        It protects you from fire.
   rCorr:     It protects you from acid and corrosion.
 c - the +7 sceptre of Asmodeus {!a}
   (You took it off Asmodeus on level 7 of Gehenna)

   Wielding it grants the ability to summon fiery demons, with success rate
   depending on Evocations skill.
   Those summoned this way will remain friendly only for a limited time.
 E - the +4 staff of Dispater {!a}
   (You took it off Dispater on level 7 of the Iron City of Dis)

   Wielding it grants the ability to hurl damnation at the cost of health and
   magic, with strength depending on Evocations skill.
Missiles
 m - 5 boomerangs of dispersal
 t - 12 throwing nets
Armour
 D - the +0 helmet of Integrity (worn) {Will++}
   (You found it on level 1 of the Crypt)

   Will:      It greatly increases your willpower.
 F - a +2 pair of boots of flying (worn)
 S - a +2 pair of gloves (worn)
 T - a +2 robe of the Archmagi (worn)
 Z - a scarf of resistance (worn)
Jewellery
 g - the ring of Compassion (left hand) {rElec rC+ EV+5 SInv}
   (You found it on level 3 of the Elven Halls)

   [ring of evasion]

   EV:        It affects your evasion (+5).
   rC:        It protects you from cold.
   rElec:     It insulates you from electricity.
   SInv:      It lets you see invisible.
 k - a ring of wizardry
 p - the ring of Xocsu (right hand) {rF+ MP+9 Dex+2, !R!T!w}
   (You found it in a treasure trove)

   [ring of protection from fire]

   Dex:       It affects your dexterity (+2).
   rF:        It protects you from fire.
   MP:        It affects your magic capacity (+9).
 v - the ring "Dateigu" {Fire rCorr}
   (You took it off a deep elf high priest on level 5 of the Vaults)

   [ring of fire]

   It enhances your fire magic.
   rF:        It protects you from fire.
   rC:        It makes you vulnerable to cold.
   rCorr:     It protects you from acid and corrosion.
 y - a ring of resist corrosion
 z - the ring "Xaicopt" {rF- Will+ MP+9 Int+6 Dex+3, !R!T!w}
   (You found it in a treasure trove)

   [ring of magical power]

   Int:       It affects your intelligence (+6).
   Dex:       It affects your dexterity (+3).
   rF:        It makes you vulnerable to fire.
   MP:        It affects your magic capacity (+9).
   Will:      It increases your willpower.
 Y - the dreamshard necklace (around neck) {*Dream Drain}
   (You found it on level 2 of the Vaults)

   [amulet of nothing]

   *Dream:    It shatters if its wearer takes lethal or near-lethal damage,
   preventing the blow and releasing protective dreams that heal and fight for
   the wearer.
   Drain:     It drains your maximum health when unequipped.
Wands
 d - a wand of digging (53)
 j - a wand of quicksilver (49)
 o - a wand of iceblast (52)
 r - a wand of polymorph (17)
 s - a wand of charming (68)
 w - a wand of mindburst (39)
Scrolls
 H - 10 scrolls of torment
 J - 11 scrolls of fear
 K - 9 scrolls of blinking
 L - 11 scrolls of vulnerability
 M - 12 scrolls of magic mapping
 N - 46 scrolls of teleportation
 O - 19 scrolls of fog
 P - 9 scrolls of poison
 U - 7 scrolls of butterflies
Potions
 l - 10 potions of flight
 A - a potion of ambrosia
 B - 11 potions of brilliance
 C - 17 potions of curing
 G - 7 potions of magic
 Q - 5 potions of haste
 R - 4 potions of resistance {rElec rC+ rF+ rCorr rPois}
 V - 6 potions of invisibility
 W - 8 potions of heal wounds
 X - 7 potions of cancellation
Miscellaneous
 e - a condenser vane
 f - the horn of Geryon
 h - a phial of floods
 i - a tin of tremorstones (2/2)
 n - a figurine of a ziggurat
 q - a box of beasts
 u - a phantom mirror
 x - a lightning rod (4/4)


   Skills:
 O Level 27 Fighting
 - Level 2.1 Axes
 - Level 22.0 Armour
 + Level 19.2 Dodging
 - Level 2.4 Stealth
 O Level 27 Spellcasting
 - Level 14.0 Conjurations
 - Level 6.0 Hexes
 - Level 13.0 Summonings
 - Level 18.7 Translocations
 - Level 4.0 Transmutations
 - Level 26.0 Ice Magic
 - Level 26.0 Earth Magic
 - Level 22.6 Invocations
 O Level 27 Evocations


You couldn't memorise any spells.
You knew the following spells:

 Your Spells              Type           Power      Damage    Failure   Level
b - Blink                 Tloc           100%       N/A       0%          2
c - Shatter               Erth           64%        3d47*     1%          9
g - Yara's Violent Unrav  Hex/Tmut       36%        3d15      3%          5
k - Spellforged Servitor  Conj/Summ      50%        N/A       2%          7
l - Summon Guardian Gole  Hex/Summ       89%        N/A       1%          3
r - Disjunction           Tloc           56%        N/A       2%          8
t - Ozocubu's Armour      Ice            100%       N/A       0%          3
v - Irradiate             Conj/Tmut      43%        3d26      1%          5
x - Polar Vortex          Ice            64%        N/A       1%          9
A - Fireball              Conj/Fire      40%        3d16      1%          5
D - Borgnjor's Vile Clut  Necr/Erth      49%        N/A       1%          5
F - Lehudib's Crystal Sp  Conj/Erth      58%        10d13     1%          8
S - Fulminant Prism       Conj/Hex       45%        3d21      1%          4
X - Orb of Destruction    Conj           50%        9d13      2%          7

Your spell library contained the following spells:

 Spells                   Type           Power      Damage    Failure   Level
 Apportation              Tloc           100%       N/A       0%          1
 Freeze                   Ice            100%       1d10      0%          1
 Magic Dart               Conj           100%       1d8       0%          1
 Sandblast                Erth           100%       2d20      0%          1
 Summon Small Mammal      Summ           100%       N/A       0%          1
 Call Imp                 Summ           99%        N/A       0%          2
 Ensorcelled Hibernation  Hex/Ice        100%       N/A       0%          2
 Lesser Beckoning         Tloc           100%       N/A       0%          2
 Momentum Strike          Conj/Tloc      100%       3d10      0%          2
 Passwall                 Tmut/Erth      86%        N/A       0%          2
 Searing Ray              Conj           100%       2d8       0%          2
 Call Canine Familiar     Summ           99%        N/A       0%          3
 Frozen Ramparts          Ice            100%       1d16      0%          3
 Gell's Gravitas          Tloc           100%       N/A       0%          3
 Hailstorm                Conj/Ice       100%       3d20      0%          3
 Portal Projectile        Hex/Tloc       100%       N/A       0%          3
 Stone Arrow              Conj/Erth      100%       3d13      0%          3
 Teleport Other           Tloc           100%       N/A       0%          3
 Animate Armour           Summ/Erth      100%       N/A       0%          4
 Iskenderun's Mystic Bla  Conj/Tloc      100%       2d19      0%          4
 Leda's Liquefaction      Hex/Erth       53%        N/A       0%          4
 Manifold Assault         Tloc           100%       N/A       0%          4
 Passage of Golubria      Tloc           100%       N/A       0%          4
 Summon Ice Beast         Ice/Summ       100%       N/A       0%          4
 Lee's Rapid Deconstruct  Erth           64%        3d29*     0%          5
 Ozocubu's Refrigeration  Ice            64%        4d21      0%          7
 Foxfire                  Conj/Fire      100%       2x1d9     1%          1
 Kiss of Death            Conj/Necr      100%       2d13      1%          1
 Necrotise                Necr           100%       1d9       1%          1
 Shock                    Conj/Air       100%       1d9       1%          1
 Slow                     Hex            100%       N/A       1%          1
 Sting                    Tmut/Pois      100%       1d8       1%          1
 Cigotuvi's Dreadful Rot  Necr/Pois/Air  100%       N/A       1%          2
 Poisonous Vapours        Pois/Air       100%       N/A       1%          2
 Scorch                   Fire           100%       2d10      1%          2
 Static Discharge         Conj/Air       100%       2-7/arc   1%          2
 Confusing Touch          Hex            77%        N/A       1%          3
 Dazzling Flash           Conj/Hex       100%       N/A       1%          3
 Ignite Poison            Fire/Tmut/Pois 57%        N/A       1%          3
 Inner Flame              Hex/Fire       65%        N/A       1%          3
 Kindle Blastsparks       Fire/Tloc/Air  100%       2d18      1%          3
 Mephitic Cloud           Conj/Pois/Air  71%        N/A       1%          3
 Tukima's Dance           Hex            77%        N/A       1%          3
 Vhi's Electric Charge    Tloc/Air       100%       N/A       1%          3
 Cause Fear               Hex            38%        N/A       1%          4
 Flame Wave               Conj/Fire      80%        2d17      1%          4
 Petrify                  Tmut/Erth      100%       N/A       1%          4
 Sticky Flame             Conj/Fire      80%        2d9       1%          4
 Summon Lightning Spire   Summ/Air       78%        N/A       1%          4
 Arcjolt                  Conj/Air       40%        1d50      1%          5
 Freezing Cloud           Conj/Ice/Air   50%        6-21      1%          5
 Iskenderun's Battlesphe  Conj           100%       2d15      1%          5
 Lightning Bolt           Conj/Air       40%        1d59      1%          5
 Metabolic Englaciation   Hex/Ice        53%        N/A       1%          5
 Summon Forest            Summ/Tloc      53%        N/A       1%          5
 Summon Mana Viper        Hex/Summ       89%        N/A       1%          5
 Dispersal                Tloc           56%        N/A       1%          6
 Iron Shot                Conj/Erth      58%        9d11      1%          6
 Simulacrum               Ice/Necr       49%        N/A       1%          6
 Summon Cactus Giant      Summ           49%        N/A       1%          6
 Malign Gateway           Summ/Tloc      53%        N/A       1%          7
 Swiftness                Air            50%        N/A       2%          3
 Vampiric Draining        Necr           50%        2d9       2%          3
 Anguish                  Hex/Necr       32%        N/A       2%          4
 Monstrous Menagerie      Summ           49%        N/A       3%          7
 Summon Hydra             Summ           49%        N/A       3%          7
 Silence                  Hex/Air        32%        N/A       7%          5
 Conjure Ball Lightning   Conj/Air       40%        3x3d13    8%          6
 Starburst                Conj/Fire      40%        6d11      8%          6
 Airstrike                Air            25%        2d(4-20)  9%          4
 Animate Dead             Necr           50%        N/A       9%          4
 Dispel Undead            Necr           50%        3d19      9%          4
 Olgreb's Toxic Radiance  Pois           50%        N/A       9%          4
 Alistair's Intoxication  Tmut/Pois      40%        N/A       11%         5
 Agony                    Necr           50%        N/A       24%         5
 Summon Horrible Things   Summ           49%        N/A       26%         8
 Haunt                    Necr/Summ      39%        N/A       45%         7
 Eringya's Noxious Bog    Tmut/Pois      30%        N/A       50%         6
 Enfeeble                 Hex            38%        N/A       52%         7
 Death Channel            Necr           25%        N/A       78%         6
 Discord                  Hex            38%        N/A       99%         8
 Dragon's Call            Summ           49%        N/A       99%         9
 Ignition                 Fire           25%        3d8       100%        8
 Infestation              Necr           25%        N/A       100%        8
 Maxwell's Capacitive Co  Air            25%        ∞         100%        8
 Chain Lightning          Conj/Air       40%        3d53      100%        9
 Fire Storm               Conj/Fire      40%        8d10      100%        9
 Spider Form              Tmut/Pois      Unusable   N/A       N/A         3
 Ice Form                 Ice/Tmut       Unusable   N/A       N/A         4
 Blade Hands              Tmut           Unusable   N/A       N/A         5
 Dragon Form              Tmut           Unusable   N/A       N/A         7
 Storm Form               Tmut/Air       Unusable   N/A       N/A         7

Dungeon Overview and Level Annotations

Branches:
Dungeon (15/15)            Temple (1/1) D:5            Lair (5/5) D:11
 Shoals (4/4) Lair:3        Snake (4/4) Lair:2        Slime (5/5) Lair:5
    Orc (2/2) D:12            Elf (3/3) Orc:2        Vaults (5/5) D:14
  Crypt (3/3) Vaults:2       Tomb (3/3) Crypt:3      Depths (4/4) D:15
   Hell (visited)             Dis (7/7) Hell            Geh (7/7) Hell
    Coc (7/7) Hell            Tar (7/7) Hell            Zot (5/5) Depths:4
 WizLab (visited)

Altars:
Ashenzari
Cheibriados
Dithmenos
Fedhas
Gozag
Hepliaklqana
Kikubaaqudgha
Makhleb
Nemelex Xobeh
Okawaru
Ru
Sif Muna
Trog
Uskayaw
Vehumet
Wu Jian
Xom
Yredelemnul
Jiyva

Shops:
D:14 :   D:15 [   Orc:1 (   Orc:2 (*=?   Elf:1 (   Elf:3 *   Snake:4 *=
Vaults:1 (   Vaults:5 !!!??   Depths:3 (

Portals:
Hell: Depths:1 Depths:2 Depths:3 Depths:4
Abyss: Depths:2 Depths:3
Pandemonium: Orc:2 Depths:2
Ziggurat: Depths:2

Annotations:
Vaults:3 1c
Depths:3 3 runed translucent doors
Zot:3 1s


Innate Abilities, Weirdness & Mutations

You are immune to poison.
You have sharp fingernails.
Your flesh is cold resistant. (rC+)
You are immune to negative energy. (rN+++)
You do not regenerate when monsters are visible.
You are immune to unholy pain and torment.
You thrive by killing the living.


Message History

Orb Guardian 1
There is a staircase leading out of the dungeon here.
You feel a surge of power!
The dungeon rumbles!
The fungus begins to die.
The fungus is moderately damaged.
The fungus begins to die.
The fungus is moderately damaged.
The fungus begins to die.
The fungus is moderately damaged.
The fungus begins to die.
The fungus is moderately damaged.
The fungus begins to die.
The fungus is heavily damaged.
The fungus begins to die.
The fungus is heavily damaged.
The fungus begins to die.
The fungus is moderately damaged.
The fungus begins to die.
The fungus is moderately damaged.
The Orb Guardian is almost dead.
The fungus begins to die.
The fungus is moderately damaged.
The plant begins to die.
The plant is moderately damaged.
The fungus begins to die.
The fungus is heavily damaged.
The plant begins to die.
The plant is moderately damaged.
The plant begins to die.
The plant is severely damaged.
The plant begins to die.
The plant is heavily damaged.
The plant begins to die.
The plant is heavily damaged.
The plant begins to die.
The plant is heavily damaged.
Ka-crash!
You feel a surge of power!
The dungeon rumbles!
You kill the Orb Guardian!
Sif Muna accepts your kill.
The fungus is severely damaged.
The fungus is heavily damaged.
The fungus is almost destroyed.
The fungus is almost destroyed.
The fungus is heavily damaged.
The fungus is severely damaged.
The fungus is heavily damaged.
The fungus is severely damaged.
The plant is heavily damaged.
The fungus is severely damaged.
The fungus is severely damaged.
The plant is almost destroyed.
The plant is heavily damaged.
You destroy the plant!
The plant is almost destroyed.
The plant is almost destroyed.
Ka-crash!
An Orb Guardian comes into view.
You feel a surge of power!
The dungeon rumbles!
The fungus is almost destroyed.
You destroy the fungus!
The fungus is almost destroyed.
The fungus is almost destroyed.
The fungus is almost destroyed.
The fungus is almost destroyed.
You destroy the fungus!
The fungus is almost destroyed.
You destroy the fungus!
The plant is severely damaged.
The fungus is almost destroyed.
You destroy the plant!
The plant is almost destroyed.
You destroy the plant!
You destroy the plant!
The Orb Guardian is heavily wounded.
Ka-crash!
A nearby fungus withers and dies.
You feel a surge of power!
The dungeon rumbles!
You destroy the fungus!
You destroy the fungus!
You destroy the fungus!
You destroy the fungus!
You destroy the fungus!
You destroy the fungus!
The plant is almost destroyed.
You destroy the plant!
The Orb Guardian is severely wounded.
Ka-crash!
A nearby plant withers and dies.
You feel a surge of power!
The dungeon rumbles!
You kill the Orb Guardian!
Sif Muna accepts your kill.
Ka-crash!
No danger in sight...
You have escaped!

#...8...###......................
#..###..##..........÷...#######..
'### ###+)...............#### ###
...#####....................### #
##......................###...##
#######>................####..##
#.........................
#.......................##
#........@.......#......##
#................#......#
#......................[#
#.......................#
#.......................#
#................########
#....♣.......♣...
##............... ###########


There were no monsters in sight!

Vanquished Creatures
  Asmodeus (Geh:7)
  the Royal Jelly (Slime:5)
  Ereshkigal (Tar:7)
  Gloorx Vloq (Pan)
  Ignacio (Pan)
  Mnoleg (Pan)
  the Serpent of Hell (Coc:7)
  Lom Lobon (Pan)
  11 dread liches
  10 ancient liches
  Khufu (Crypt:1)
  Mara (Elf:3)
  6 orbs of fire
  38 royal mummies
  Sojobo (Crypt:1)
  2 juggernauts
  Vv (Crypt:1)
  Josephina (Crypt:2)
  3 Killer Klowns
  Frederick (Vaults:2)
  19 shard shrikes
  The ghost of Hatyhoji the Shatterer, a legendary GrFi of Okawaru (Zot:2)
  Vashnia (Snake:2)
  Xtahua (Vaults:5)
  Saint Roka (Orc:2)
  30 caustic shrikes
  Jory (Vaults:5)
  3 curse toes
  The ghost of Sesmit the Acrobat, a veteran DjCj of Ashenzari (Depths:3)
  8 golden dragons
  Geryon (Hell)
  Nikola (Snake:3)
  9 profane servitors
  5 pandemonium lords
  the Enchantress (Depths:3)
  20 bone dragons
  The ghost of Caish the Eclecticist, a veteran VSSu of Ashenzari (Crypt:1)
  8 Brimstone Fiends
  5 doom hounds
  2 electric golems (Zot:5)
  19 Tzitzimimeh
  17 iron giants
  An iron giant (shapeshifter) (Depths:4)
  5 hellephants
  14 Ice Fiends
  A walking crystal tome (Depths:3)
  Zenata (Crypt:2)
  Jorgrun (Orc:1)
  12 tainted leviathans
  Rupert (D:15)
  28 Hell Sentinels
  The ghost of HoaS the Crack Shot, an adept GrHu of Zin (Elf:2)
  A shard shrike skeleton (Abyss:2)
  The ghost of Dassydak the Tortoise, an adept GrFi of Makhleb (Crypt:1)
  9 tentacled monstrosities
  27 Orb Guardians
  12 liches
  13 titans
  3 deep elf blademasters
  The ghost of Tosoun the Demolition Demonspawn, an adept DsGl of Makhleb (Shoals:1)
  A walking frostbound tome (Depths:3)
  2 deep elf master archers (Elf:3)
  7 quicksilver dragons
  9 acid blobs
  4 krakens
  Asterion (Vaults:2)
  Frances (Snake:2)
  28 Executioners
  16 searing wretches
  Kirke (Lair:4)
  30 ancient champions
  7 death cobs
  36 tentacled starspawn
  Gastronok (D:11)
  5 sphinxes
  8 azure jellies
  8 shadow dragons
  12 tengu reavers
  7 revenants
  Ilsuiw (Shoals:4)
  Donald (Shoals:1)
  15 storm dragons
  9 rockslimes
  5 draconian monks
  15 fire giants
  A daeva (Abyss:2)
  18 nagarajas
  7 narguns
  A fenstrider witch (Shoals:1)
  6 demonspawn warmongers (Pan)
  11 iron dragons
  8 quicksilver elementals
  17 vault wardens
  4 draconian knights
  The ghost of Lyshro Ryrr the Eclecticist, an adept VSWr of Wu Jian (Depths:3)
  5 frost giants
  Aizul (Snake:3)
  2 spectral juggernauts
  A juggernaut zombie (Tomb:2)
  9 shard shrike simulacra
  6 ghouls
  6 deep elf elementalists (Elf:3)
  5 spectral caustic shrikes
  A deep elf sorcerer (Elf:3)
  3 ghost moths
  28 balrugs
  21 cacodemons
  6 draconian shifters
  5 draconian scorchers
  3 curse skulls
  17 ironbound preservers
  20 war gargoyles
  18 reapers
  3 draconian stormcallers (Zot:1)
  An orc warlord (Orc:1)
  A juggernaut skeleton (Abyss:2)
  9 quicksilver oozes
  A caustic shrike skeleton (Abyss:2)
  An angel (Pan)
  8 spriggan defenders
  27 stone giants
  24 very ugly things
  10 draconian annihilators
  The ghost of RatherSlowDeath the Fighter, a journeyman DjEE of Ashenzari (Lair:3)
  7 demonspawn corrupters (Pan)
  6 ironbound thunderhulks
  11 elemental wellsprings
  6 demonspawn blood saints (Pan)
  The ghost of Tohisesh the Thaumaturge, a journeyman OpEE of Gozag (Lair:3)
  A rockslime zombie (Crypt:3)
  8 deep elf demonologists
  6 black draconians
  20 lorocyprocas
  3 putrid mouths
  5 yellow draconians
  5 demonspawn black suns (Pan)
  11 wendigos
  9 deep elf annihilators
  7 red draconians
  10 green draconians
  Azrael (D:14)
  4 vampire knights
  4 white draconians
  A minotaur (Elf:2)
  11 spark wasps
  8 purple draconians
  A spectral titan (Tar:1)
  10 dire elephants
  Snorg (D:11)
  4 ettins
  8 merfolk impalers
  17 iron golems
  A crystal guardian (Vaults:4)
  11 merfolk javelineers
  10 deep elf death magi
  A spectral quicksilver dragon (Tar:2)
  7 eidola
  6 green deaths
  6 fire dragons
  The ghost of Diecruk the Skirmisher, a journeyman GnHu of Fedhas (Lair:3)
  18 blizzard demons
  7 jiangshi
  3 entropy weavers
  13 great orbs of eyes
  A spectral iron giant (Tar:4)
  4 deep elf high priests
  17 yaktaur captains
  19 mummy priests
  2 spectral spriggans
  4 hell beasts
  12 ice dragons
  The ghost of Huaprist the Eclecticist, a journeyman DEIE of Vehumet (Lair:3)
  4 hydras
  2 peacekeepers (Vaults:4)
  7 caustic shrike simulacra
  A jorogumo (shapeshifter) (Vaults:3)
  5 rakshasas
  4 juggernaut simulacra
  3 salamander tyrants
  32 vault guards
  8 anacondas
  6 stokers
  6 merfolk avatars
  Erica (D:8)
  10 centaur warriors
  3 death knights
  2 alligator snapping turtles
  A catoblepas (D:14)
  4 spriggan air magi
  4 ogre magi
  5 ironbound frosthearts
  A spriggan skeleton (Tomb:1)
  19 boulder beetles
  6 deep troll earth magi
  2 demonspawn (Orc:2)
  A satyr (Shoals:3)
  5 merfolk aquamancers
  7 two-headed ogres
  33 dancing weapons
  21 naga warriors
  27 death scarabs (Tomb:2)
  A two-headed ogre (shapeshifter) (Abyss:2)
  10 deep troll shamans
  13 tengu warriors
  4 death yaks (Lair:4)
  11 hell knights
  25 thrashing horrors
  13 naga sharpshooters
  8 orc high priests
  34 hell hogs
  6 spriggan berserkers
  14 vampire magi
  6 shock serpents
  63 sun demons
  A spectral storm dragon (Crypt:1)
  7 crystal echidnas
  15 soul eaters
  22 wretched stars
  20 deep elf knights
  5 iron trolls
  44 skeletal warriors
  A spark wasp zombie (Depths:2)
  2 goliath frogs (shapeshifter)
  22 shadow wraiths
  2 death drakes (Abyss:1)
  7 skysharks
  Amaemon (Lair:2)
  2 spatial maelstroms
  A golden dragon zombie (Depths:2)
  22 sixfirhies
  2 bog bodies (Crypt:3)
  4 quicksilver dragon simulacra
  63 deep trolls
  9 glowing orange brains
  A spriggan simulacrum (Coc:1)
  An orb spider (shapeshifter) (Vaults:5)
  2 obsidian statues (Elf:3)
  A tengu zombie (Vaults:1)
  6 shadow demons
  15 deep elf archers
  A golden dragon skeleton (Crypt:3)
  9 sea snakes
  7 naga ritualists
  8 lindwurms
  A spectral anaconda (Tar:6)
  2 spectral iron dragons
  8 wizards
  13 flayed ghosts
  9 orc knights
  2 fenstrider witch simulacra (Coc:1)
  An orange crystal statue (Depths:3)
  22 harpies
  13 ironbound convokers
  4 kraken simulacra (Coc:7)
  20 phantasmal warriors
  A broodmother zombie (Crypt:2)
  94 starcursed masses
  13 necromancers
  2 tengu skeletons (Vaults:3)
  25 deep elf pyromancers
  8 mana vipers
  54 ugly things
  23 deep elf zephyrmancers
  An oklob plant (D:11)
  9 orc sorcerers
  3 spectral ice dragons
  15 manticores
  A will-o-the-wisp (Abyss:2)
  18 fauns
  6 cyclopes
  A spectral fire dragon (Crypt:1)
  A wolf spider (Lair:5)
  2 iron dragon skeletons
  2 shining eyes
  19 moths of wrath
  2 stone giant skeletons
  13 worldbinders
  10 salamanders
  2 fire giant zombies
  12 naga magi
  10 merfolk sirens
  3 rust devils
  10 apocalypse crabs
  30 black mambas
  2 ice statues (Coc:7)
  A titan simulacrum (Coc:3)
  9 water nymphs
  A dire elephant zombie (Tomb:3)
  16 vault sentinels
  A human zombie (Vaults:1)
  22 orange demons
  3 gargoyles
  2 centaur skeletons
  3 torpor snails (Lair:4)
  A catoblepas zombie (Crypt:1)
  7 guardian serpents
  2 molten gargoyles (Lair:5)
  A shock serpent skeleton (Crypt:1)
  47 smoke demons
  4 eyes of devastation
  10 cane toads
  27 hellions
  3 yaktaur zombies
  A storm dragon simulacrum (Coc:1)
  An orc skeleton (Hell)
  26 demonic crawlers
  Psyche (D:8)
  10 unseen horrors
  2 bunyip simulacra
  Maggie (D:6)
  11 komodo dragons
  6 anaconda simulacra
  2 kobold demonologists (D:12)
  6 rime drakes
  4 efreet
  2 dire elephant skeletons
  5 freezing wraiths
  A rime drake (shapeshifter) (Abyss:1)
  5 tengu conjurers
  A yaktaur (shapeshifter) (Abyss:2)
  32 yaktaurs
  14 tormentors
  32 guardian mummies
  An iron giant simulacrum (Coc:5)
  3 spectral harpies
  A white draconian skeleton (Crypt:3)
  10 ancient zymes
  4 human skeletons (Vaults:2)
  3 yaktaur skeletons (Vaults:2)
  2 golden dragon simulacra
  8 red devils
  5 ice devils
  A queen bee (shapeshifter) (D:9)
  2 silent spectres
  13 hellwings
  2 polar bears
  4 meliai (Abyss:3)
  2 harpy zombies
  8 trolls
  30 merfolk
  A wolf spider simulacrum (D:15)
  5 hornets
  7 harpy skeletons
  5 wind drakes
  A tengu simulacrum (Depths:3)
  62 raiju
  A mana viper skeleton (Crypt:2)
  19 blink frogs
  A death drake skeleton (Crypt:2)
  4 dream sheep (Lair:4)
  2 iron dragon simulacra
  2 ettin zombies
  A stone giant simulacrum (Crypt:2)
  2 spriggan zombies
  10 snapping turtles
  An alligator zombie (Hell)
  2 centaur simulacra
  A deep troll skeleton (Vaults:2)
  29 flying skulls
  4 shadows
  31 ushabtiu
  11 vampires
  19 wraiths
  3 air elementals
  133 slime creatures
  41 ynoxinuls
  5 spriggans
  4 fire elementals
  13 water elementals
  6 wyverns
  2 black mamba skeletons
  6 hogs (Lair:4)
  6 basilisks
  17 chaos spawn
  3 ettin skeletons
  4 dire elephant simulacra
  An elf zombie (Vaults:4)
  3 fire bats
  40 yaks
  54 large abominations
  11 golden eyes
  A yaktaur simulacrum (Vaults:4)
  5 redbacks
  A steam dragon (Lair:5)
  6 vampire mosquitoes
  2 alligator snapping turtle simulacra
  42 neqoxecs
  A warg (Orc:1)
  17 harpy simulacra
  42 nagas
  2 glowing shapeshifter zombies
  A demonspawn zombie (Crypt:2)
  5 hydra simulacra
  Duvessa (D:6)
  7 two-headed ogre zombies (WizLab)
  13 water moccasins
  3 acid dragons
  5 nameless horrors
  A demonspawn skeleton (Crypt:1)
  A water nymph skeleton (Crypt:2)
  20 hell hounds
  A fire bat skeleton (Crypt:3)
  A floating eye (Depths:1)
  3 ettin simulacra
  A fire dragon simulacrum (Tomb:1)
  37 orc warriors
  5 black bears
  A sky beast (Abyss:1)
  13 ogres
  3 ice beasts
  A swamp dragon zombie (Hell)
  An ice dragon simulacrum (Crypt:2)
  A merfolk simulacrum (Coc:2)
  6 wolves (Lair:2)
  4 boggarts
  9 centaurs
  A hog zombie (Crypt:2)
  A dream sheep skeleton (Crypt:1)
  3 phantoms
  A hog skeleton (Crypt:3)
  12 kobold brigands
  2 rime drake skeletons
  10 bullfrogs
  2 draconian skeletons
  7 naga simulacra
  7 gnoll sergeants
  2 scorpions (D:6)
  5 necrophages
  Dowan (D:6)
  30 wights
  A yak zombie (Crypt:3)
  4 troll zombies (WizLab)
  A warg zombie (Crypt:2)
  A hornet simulacrum (D:15)
  8 killer bees
  A shapeshifter skeleton (Crypt:1)
  4 howler monkeys
  An electric eel (D:13)
  33 small abominations
  5 lava snakes (Lair:5)
  7 quasits
  3 iron imps
  2 hounds
  4 jellies
  2 gnoll boudas
  22 orc priests
  10 iguanas
  18 orc wizards
  4 hell rats (Lair:5)
  A statue (D:9)
  6 ogre zombies (WizLab)
  A hound zombie (Crypt:1)
  22 mummies
  8 adders
  21 gnolls
  8 river rats (Lair:5)
  A steam dragon skeleton (Crypt:1)
  3 shadow imps
  9 white imps
  13 ufetubi
  5 worms
  65 orcs
  2 bats (D:1)
  5 endoplasms
  3 giant cockroaches
  5 goblins
  3 hobgoblins
  10 jackals
  3 quokkas
  8 ball pythons
  2 frilled lizards (D:3)
  2 jackal zombies
  25 kobolds
  14 rats
  A river rat skeleton (Crypt:3)
  A ball lightning (Pan)
  4 blocks of ice (Pan)
  A creeping inferno (Geh:7)
  4 fire vortices
  2 fulminant prisms
  9 fungi (D:1)
  4 lurking horrors
  5 plants (D:1)
  13 starspawn tentacles
  13 tentacles
4251 creatures vanquished.

Vanquished Creatures (collateral kills)
  Cerebov (Pan)
  Antaeus (Coc:7)
  Dispater (Dis:7)
  A juggernaut (Dis:7)
  A royal mummy (Tomb:1)
  A Killer Klown (Zot:2)
  2 shard shrikes
  5 pandemonium lords (Pan)
  A caustic shrike (Dis:7)
  6 profane servitors
  A golden dragon (Zot:1)
  14 bone dragons
  An electric golem (Zot:2)
  18 Tzitzimimeh
  7 Brimstone Fiends
  An iron giant (Dis:7)
  A doom hound (Tar:5)
  3 tentacled monstrosities
  6 Hell Sentinels
  17 Ice Fiends
  5 liches
  3 hellephants (Geh:7)
  9 tainted leviathans
  2 quicksilver dragons
  5 titans
  18 searing wretches
  3 acid blobs
  8 Executioners (Pan)
  8 ancient champions
  5 sphinxes (Tomb:1)
  28 tentacled starspawn
  2 shadow dragons
  6 storm dragons
  A draconian monk (Zot:5)
  14 azure jellies
  5 fire giants
  4 frost giants
  32 balrugs
  5 demonspawn warmongers (Pan)
  12 narguns
  3 iron dragons
  2 quicksilver elementals
  A caustic shrike zombie (Abyss:2)
  A shard shrike simulacrum (Coc:7)
  14 reapers
  27 cacodemons
  2 spectral caustic shrikes
  3 war gargoyles
  3 draconian annihilators (Pan)
  8 demonspawn blood saints (Pan)
  5 quicksilver oozes
  A draconian stormcaller (Zot:3)
  9 demonspawn corrupters (Pan)
  13 very ugly things
  A juggernaut skeleton (Pan)
  2 demonspawn black suns (Pan)
  6 putrid mouths
  2 purple draconians
  4 elemental wellsprings
  5 black draconians
  5 yellow draconians
  2 deep elf annihilators (Pan)
  9 wendigos
  3 white draconians
  6 green draconians
  3 eidola
  10 iron golems
  20 blizzard demons (Pan)
  19 green deaths (Pan)
  2 mummy priests (Tomb:1)
  2 ettins (Vaults:5)
  A deep elf death mage (Vaults:5)
  8 great orbs of eyes
  A spriggan zombie (Abyss:2)
  2 rakshasas (Pan)
  2 spectral spriggans
  3 juggernaut simulacra
  2 caustic shrike simulacra
  A salamander tyrant (Geh:3)
  5 spriggan skeletons
  A death knight (Abyss:2)
  An elf skeleton (Pan)
  2 dancing weapons (Pan)
  7 death scarabs (Tomb:2)
  12 hell hogs
  2 stokers (Geh:7)
  48 soul eaters (Pan)
  3 shock serpents (Pan)
  10 thrashing horrors
  84 sun demons
  2 titan skeletons
  4 crystal echidnas (Dis:7)
  3 skeletal warriors
  33 sixfirhies
  A shadow wraith (Pan)
  16 wretched stars
  A cherub (Pan)
  6 shadow demons (Pan)
  An anaconda zombie (Abyss:2)
  A quicksilver dragon simulacrum (Coc:7)
  A bunyip zombie (Abyss:2)
  A phantasmal warrior (Abyss:1)
  5 glowing orange brains
  An orb spider (Abyss:2)
  5 spriggan simulacra
  6 flayed ghosts
  An ironbound convoker (Vaults:5)
  3 wizards (Pan)
  2 ugly things
  An anaconda skeleton (Pan)
  An iron giant skeleton (Pan)
  2 will-o-the-wisps (Abyss:2)
  10 moths of wrath
  5 shining eyes
  An iron dragon zombie (Hell)
  5 worldbinders (Abyss:2)
  6 rust devils
  3 iron dragon skeletons (Pan)
  An apocalypse crab (Abyss:1)
  A centaur zombie (Abyss:1)
  A guardian serpent (Abyss:2)
  A titan simulacrum (Coc:4)
  4 eyes of devastation
  4 molten gargoyles (Hell)
  An ice statue (Hell)
  30 demonic crawlers
  2 centaur skeletons (Pan)
  64 smoke demons
  2 alligator snapping turtle skeletons
  A sea snake zombie (Hell)
  2 yaktaurs (Vaults:5)
  A naga skeleton (Pan)
  42 orange demons
  8 ice devils
  4 freezing wraiths
  14 efreet
  4 hellions (Pan)
  2 iron giant simulacra (Coc:7)
  4 red devils (Pan)
  An anaconda simulacrum (Coc:7)
  13 guardian mummies
  A silent spectre (Tar:4)
  3 spectral harpies
  10 tormentors
  23 ancient zymes
  2 golden dragon simulacra
  A queen bee (Abyss:3)
  A sea snake skeleton (Hell)
  27 hellwings
  A polar bear (shapeshifter) (Abyss:2)
  3 hydra zombies (Hell)
  2 harpy zombies
  8 blink frogs
  A harpy skeleton (Pan)
  A hydra skeleton (Hell)
  59 raiju
  An iron dragon simulacrum (Hell)
  An alligator skeleton (Hell)
  An ice dragon zombie (Tomb:1)
  10 flying skulls
  A naga simulacrum (Coc:7)
  33 slime creatures
  A stone giant simulacrum (Coc:4)
  A fire dragon skeleton (Pan)
  4 wraiths
  4 shadows
  A vampire (Abyss:2)
  54 ynoxinuls
  122 large abominations
  25 golden eyes
  48 chaos spawn
  13 starcursed masses
  4 ushabtiu (Tomb:1)
  6 fire bats
  19 neqoxecs
  2 alligator snapping turtle simulacra (Coc:3)
  5 spatial vortices (Abyss:1)
  3 harpy simulacra
  3 naga zombies
  3 hydra simulacra
  12 hell hounds
  A sky beast (Abyss:2)
  3 ettin simulacra
  A wolf (shapeshifter) (Vaults:5)
  An earth elemental (Abyss:2)
  60 small abominations
  7 wights
  A crimson imp (Abyss:1)
  12 quasits
  6 iron imps
  A jelly (Abyss:1)
  23 mummies
  A river rat (shapeshifter) (Vaults:5)
  3 shadow imps
  17 white imps
  9 ufetubi
  3 creeping infernos (Geh:7)
  31 fire vortices
  A fulminant prism (Pan)
  4 lurking horrors
  23 starspawn tentacles
1714 creatures vanquished.

Vanquished Creatures (others)
  A profane servitor (Tar:7)
  A Brimstone Fiend (Pan)
  A hellephant (Geh:7)
  A tainted leviathan (Tar:7)
  A cacodemon (Pan)
  2 demonspawn blood saints (Pan)
  A very ugly thing (Pan)
  A blizzard demon (Pan)
  A sun demon (Pan)
  An ironbound convoker (Vaults:5)
  A deep elf zephyrmancer (Elf:2)
  A smoke demon (Pan)
  A demonic crawler (Pan)
  2 orange demons (Pan)
  A bunyip simulacrum (Abyss:2)
  A merfolk (Shoals:2)
  3 slime creatures
  A naga simulacrum (Coc:7)
  A ynoxinul (Pan)
  A neqoxec (Pan)
  A golden eye (Abyss:2)
  3 dancing weapons
  A large abomination (Abyss:2)
  A wight (Abyss:1)
  A small abomination (Abyss:2)
  A white imp (Abyss:2)
  10 ball lightnings (Pan)
  A creeping inferno (Geh:5)
  3 demonic plants
  3 fire vortices
  431 foxfires
  1517 fulminant prisms
  99 fungi
  4 lurking horrors (Abyss:2)
  148 plants
  75 starspawn tentacles
  15 tentacles
  8 withered plants
2346 creatures vanquished.

Grand Total: 8311 creatures vanquished

Notes
Turn   | Place    | Note
-------+----------+-------------------------------------------
     0 | D:1      | Noulsu the Ghoul Conjurer began the quest for the Orb.
     0 | D:1      | Reached XP level 1. HP: 14/14 MP: 2/2
   280 | D:1      | Reached XP level 2. HP: 20/20 MP: 0/3
   287 | D:1      | Reached skill level 2 in Dodging
   290 | D:1      | Learned a level 2 spell: Searing Ray
   344 | D:1      | Reached skill level 2 in Spellcasting
   726 | D:1      | Reached XP level 3. HP: 16/26 MP: 1/5
   846 | D:1      | Found a faded altar of an unknown god.
  1154 | D:2      | Learned a level 1 spell: Foxfire
  1538 | D:2      | Reached skill level 4 in Conjurations
  1728 | D:2      | Reached XP level 4. HP: 24/33 MP: 1/6
  2477 | D:3      | Identified the +8 plate armour of the Thistle {Harm *Slow
                  | rPois Slay-6}
  2502 | D:3      | Noticed an ice beast
  2711 | D:3      | Killed an ice beast
  2712 | D:3      | Reached skill level 5 in Conjurations
  2712 | D:3      | Reached skill level 1 in Hexes
  2712 | D:3      | Reached XP level 5. HP: 18/38 MP: 0/7
  2717 | D:3      | Learned a level 4 spell: Fulminant Prism
  3770 | D:4      | Reached XP level 6. HP: 21/45 MP: 1/9
  3895 | D:4      | Learned a level 2 spell: Blink
  4094 | D:4      | Reached skill level 1 in Translocations
  4395 | D:4      | Reached skill level 2 in Translocations
  4983 | D:4      | Reached skill level 3 in Translocations
  4983 | D:4      | Reached skill level 2 in Hexes
  4983 | D:4      | Reached XP level 7. HP: 50/50 MP: 7/10
  5066 | D:5      | Entered Level 5 of the Dungeon
  5491 | D:4      | Reached skill level 3 in Hexes
  5632 | D:5      | Reached skill level 3 in Spellcasting
  5661 | D:4      | Learned a level 2 spell: Momentum Strike
  6214 | D:5      | Reached skill level 6 in Conjurations
  6335 | D:5      | Reached XP level 8. HP: 37/57 MP: 0/11
  6494 | D:5      | Found a staircase to the Ecumenical Temple.
  6502 | Temple   | Entered the Ecumenical Temple
  6511 | Temple   | Became a worshipper of Sif Muna the Loreminder
  6711 | D:5      | You fall into a shaft and drop 1 floor!
  7160 | D:5      | Reached skill level 7 in Conjurations
  7203 | D:5      | Found a burning altar of Makhleb.
  7460 | D:6      | Noticed Dowan
  7704 | D:6      | Reached skill level 4 in Hexes
  7877 | D:6      | Noticed Duvessa
  8163 | D:6      | Killed Dowan
  8428 | D:6      | Found a basalt altar of Yredelemnul.
  8480 | D:6      | Killed Duvessa
  8667 | D:6      | Reached XP level 9. HP: 62/62 MP: 5/12
  8688 | D:6      | Reached skill level 8 in Conjurations
  8844 | D:6      | Noticed Maggie
  8971 | D:6      | Killed Maggie
  8972 | D:6      | Reached skill level 4 in Spellcasting
  8991 | D:5      | Learned a level 4 spell: Iskenderun's Mystic Blast
  9249 | D:6      | Reached skill level 4 in Translocations
 10154 | D:6      | Reached skill level 9 in Conjurations
 10379 | D:6      | Found a sacrificial altar of Ru.
 10698 | D:6      | Found a hide-covered altar of Uskayaw.
 10736 | D:6      | Reached * piety under Sif Muna
 11025 | D:7      | Reached skill level 5 in Hexes
 11025 | D:7      | Reached skill level 5 in Translocations
 11224 | D:7      | Reached XP level 10. HP: 69/69 MP: 10/15
 11926 | D:7      | Reached skill level 5 in Spellcasting
 12462 | D:8      | Noticed a two-headed ogre
 12548 | D:8      | Killed a two-headed ogre
 12549 | D:8      | Reached skill level 3 in Invocations
 12615 | D:8      | Noticed Psyche
 12707 | D:8      | Reached skill level 4 in Invocations
 12924 | D:8      | Reached skill level 5 in Invocations
 13078 | D:8      | Killed Psyche
 13195 | D:8      | Reached skill level 6 in Invocations
 13555 | D:8      | Reached ** piety under Sif Muna
 14201 | D:8      | Reached skill level 10 in Conjurations
 14580 | D:8      | Found the +11 plutonium sword {Contam Stlth-}
 14702 | D:8      | Noticed Erica
 14720 | D:8      | Killed Erica
 14721 | D:8      | Reached XP level 11. HP: 74/74 MP: 13/17
 15217 | D:8      | Reached skill level 6 in Translocations
 15225 | D:8      | Reached skill level 6 in Hexes
 15693 | D:8      | Learned a level 3 spell: Tukima's Dance
 15977 | D:9      | Found a radiant altar of Vehumet.
 16696 | D:9      | Found a runed translucent door.
 16918 | D:9      | Reached skill level 7 in Invocations
 17458 | D:9      | Found an iron altar of Okawaru.
 17517 | D:10     | Entered Level 10 of the Dungeon
 17885 | D:10     | Reached skill level 8 in Invocations
 18236 | D:10     | Found an ancient bone altar of Kikubaaqudgha.
 18426 | D:10     | Noticed a two-headed ogre
 18452 | D:10     | Killed a two-headed ogre
 18609 | D:10     | Reached skill level 9 in Invocations
 18860 | D:10     | Found an ornate altar of the Wu Jian Council.
 19106 | D:11     | Reached skill level 6 in Spellcasting
 19120 | D:11     | Noticed Snorg
 19198 | D:11     | Noticed a boulder beetle
 19222 | D:11     | Killed a boulder beetle
 19342 | D:11     | Killed Snorg
 19343 | D:11     | Reached skill level 7 in Spellcasting
 19343 | D:11     | Reached skill level 1 in Fighting
 19356 | D:11     | Noticed a boulder beetle
 19460 | D:10     | Reached skill level 2 in Fighting
 19487 | D:11     | Reached XP level 12. HP: 66/88 MP: 11/21
 19636 | D:11     | Reached skill level 3 in Fighting
 19720 | D:11     | Noticed Gastronok
 20018 | D:11     | Killed a boulder beetle
 20019 | D:11     | Reached skill level 2 in Evocations
 20236 | D:11     | Reached skill level 3 in Evocations
 20323 | D:11     | Identified the +0 cloak of Catatonia {rElec Str+2 Stlth+}
 20768 | D:11     | Killed Gastronok
 20769 | D:11     | Reached skill level 4 in Evocations
 21224 | D:11     | Found a staircase to the Lair.
 21567 | D:12     | Noticed a tengu warrior
 21595 | D:12     | Killed a tengu warrior
 21596 | D:12     | Reached skill level 8 in Spellcasting
 21742 | D:12     | Reached *** piety under Sif Muna
 21984 | D:12     | Noticed a boulder beetle
 22071 | D:12     | Reached skill level 9 in Spellcasting
 22250 | D:12     | Killed a boulder beetle
 22728 | D:12     | Noticed a boulder beetle
 22745 | D:12     | Killed a boulder beetle
 22746 | D:12     | Reached skill level 10 in Spellcasting
 22746 | D:12     | Reached XP level 13. HP: 96/96 MP: 14/26
 22934 | D:12     | Found a staircase to the Orcish Mines.
 23361 | Lair:1   | Entered Level 1 of the Lair of Beasts
 23404 | Lair:1   | Reached **** piety under Sif Muna
 23568 | Lair:1   | Reached skill level 11 in Spellcasting
 23706 | Lair:1   | Reached skill level 1 in Earth Magic
 23856 | Lair:1   | Reached skill level 2 in Earth Magic
 24262 | Lair:2   | Reached skill level 3 in Earth Magic
 24467 | Lair:2   | Reached skill level 4 in Earth Magic
 24655 | Lair:2   | Reached skill level 5 in Earth Magic
 24746 | Lair:2   | Found a staircase to the Snake Pit.
 25064 | Lair:2   | Reached skill level 6 in Earth Magic
 25093 | Lair:2   | Noticed Amaemon
 25109 | Lair:2   | Killed Amaemon
 25210 | Lair:2   | Reached skill level 7 in Earth Magic
 25370 | Lair:2   | Reached skill level 8 in Earth Magic
 26060 | Lair:3   | Found a staircase to the Shoals.
 26129 | Lair:3   | Found a runed translucent gate.
 26131 | Lair:3   | Found a runed translucent gate.
 26132 | Lair:3   | Found a runed translucent gate.
 26133 | Lair:3   | Noticed RatherSlowDeath's ghost (journeyman DjEE)
 26134 | Lair:3   | Noticed Huaprist's ghost (journeyman DEIE)
 26136 | Lair:3   | Noticed Diecruk's ghost (journeyman GnHu)
 26136 | Lair:3   | Noticed Tohisesh's ghost (journeyman OpEE)
 26186 | Lair:3   | Reached skill level 9 in Earth Magic
 26572 | Lair:4   | Reached ***** piety under Sif Muna
 26766 | Lair:4   | Noticed Kirke
 26944 | Lair:4   | Reached skill level 10 in Earth Magic
 27027 | Lair:4   | Killed Kirke
 27028 | Lair:4   | Reached XP level 14. HP: 75/103 MP: 9/28
 27034 | Lair:4   | Learned a level 5 spell: Borgnjor's Vile Clutch
 27229 | Lair:4   | Found the +4 skin of Zhor {*Englaciate rC+++ SInv}
 27740 | Lair:4   | Reached skill level 11 in Earth Magic
 29289 | D:13     | Reached skill level 12 in Earth Magic
 29910 | D:13     | Received a gift from Sif Muna
 29911 | D:13     | Got Sif Muna's Vellum of the Shot {god gift}
 29925 | D:13     | Learned a level 6 spell: Iron Shot
 30439 | D:13     | Reached skill level 13 in Earth Magic
 30488 | D:13     | Noticed a stone giant
 30811 | D:13     | Killed a stone giant
 31030 | D:13     | Got the Encyclopedia of Translocational Violence
 31070 | D:13     | Noticed a sphinx
 31424 | D:14     | Reached skill level 14 in Earth Magic
 32322 | D:14     | Found Seijo's Self-Improvement Boutique.
 32673 | D:14     | Noticed an ironbound preserver
 32677 | D:14     | Killed an ironbound preserver
 33044 | D:14     | Reached skill level 15 in Earth Magic
 33238 | D:14     | Found a gate to the Vaults.
 33323 | D:14     | Noticed Azrael
 33909 | D:14     | Killed Azrael
 33910 | D:14     | Reached XP level 15. HP: 77/108 MP: 24/29
 34026 | D:15     | Entered Level 15 of the Dungeon
 34104 | D:15     | Reached skill level 16 in Earth Magic
 34161 | D:15     | Found a snail-covered altar of Cheibriados.
 34166 | D:15     | Found Cheibriados's Comfort Zone.
 34275 | D:15     | Noticed Rupert
 34825 | D:15     | Killed Rupert
 35104 | D:15     | Reached skill level 17 in Earth Magic
 35274 | D:15     | Found a portal to a secret trove of treasure.
 35761 | D:15     | Found a staircase to the Depths.
 35765 | D:15     | Identified a scroll of acquirement
 35766 | D:15     | Acquired the Notes on the Sun and the Lithosphere
 35773 | D:15     | Learned a level 4 spell: Petrify
 36013 | Lair:5   | Entered Level 5 of the Lair of Beasts
 36502 | Lair:5   | Found a staircase to the Slime Pits.
 36509 | Lair:5   | Found a viscous altar of Jiyva.
 37080 | Lair:5   | Reached skill level 18 in Earth Magic
 37636 | Lair:5   | Found a large runed translucent door.
 37636 | Lair:5   | Found a large runed translucent door.
 38054 | Orc:1    | Entered Level 1 of the Orcish Mines
 38054 | Orc:1    | Noticed Jorgrun
 38054 | Orc:1    | Found Ommuvufe's Weapon Shoppe.
 38058 | Orc:1    | Killed Jorgrun
 38119 | Orc:1    | Noticed an orc warlord
 38139 | Orc:1    | Killed an orc warlord
 38140 | Orc:1    | Reached skill level 12 in Spellcasting
 38435 | Orc:2    | Entered Level 2 of the Orcish Mines
 38435 | Orc:2    | Noticed Saint Roka
 38905 | Orc:2    | Received a gift from Sif Muna
 38932 | Orc:2    | Killed Saint Roka
 38933 | Orc:2    | Reached XP level 16. HP: 103/116 MP: 9/31
 39412 | Orc:2    | Found a staircase to the Elven Halls.
 39573 | Orc:2    | Found Azafounu's Magic Scroll Shop.
 39574 | Orc:2    | Found Detoem's General Store.
 39749 | Orc:2    | Bought a scroll of butterflies for 56 gold pieces
 39749 | Orc:2    | Bought a scroll of butterflies for 56 gold pieces
 39755 | Orc:2    | Bought the +3 scimitar "Ygyosch" {venom, rF+ Will+ Dex+2}
                  | for 566 gold pieces
 39842 | Orc:2    | Reached skill level 13 in Spellcasting
 40344 | Orc:2    | Found Sest's Antique Weapon Shoppe.
 40344 | Orc:2    | Found Juepul's Jewellery Emporium.
 40347 | Orc:2    | Found a one-way gate leading to the halls of Pandemonium.
 40575 | Snake:1  | Entered Level 1 of the Snake Pit
 40602 | Snake:1  | Received a gift from Sif Muna
 40604 | Snake:1  | Got Ciassuyw's Encyclopedia of Galvanic Coordinates {god
                  | gift}
 40612 | Snake:1  | Reached skill level 19 in Earth Magic
 41747 | Snake:2  | Reached skill level 20 in Earth Magic
 42251 | Snake:2  | Noticed a nagaraja
 42259 | Snake:2  | Killed a nagaraja
 42358 | Snake:2  | Noticed a nagaraja
 42370 | Snake:2  | Killed a nagaraja
 42583 | Snake:2  | Identified the +2 scale mail of the Wasteland {Rampage MP+9
                  | Dex+4}
 42636 | Snake:2  | Reached XP level 17. HP: 80/122 MP: 2/33
 42638 | Snake:2  | Noticed Vashnia
 42941 | Snake:2  | Identified the +0 ring mail of Foolhardiness {rPois Int+5
                  | Dex+4}
 42964 | Snake:2  | Noticed Frances
 42984 | Snake:2  | Killed Frances
 42985 | Snake:2  | Reached skill level 21 in Earth Magic
 43272 | Snake:2  | Killed Vashnia
 43489 | Snake:2  | Found a burning altar of Makhleb.
 44101 | Snake:3  | Found an iron altar of Okawaru.
 44105 | Snake:3  | Noticed Nikola
 44130 | Snake:3  | Killed Nikola
 44460 | Snake:3  | Noticed Aizul
 44466 | Snake:3  | Killed Aizul
 44645 | Snake:4  | Entered Level 4 of the Snake Pit
 44738 | Snake:4  | Found Gomulimav's Jewellery Shop.
 44760 | Snake:4  | Reached skill level 22 in Earth Magic
 45299 | Snake:4  | Reached skill level 23 in Earth Magic
 45382 | Snake:4  | Found Tiufel's General Store.
 45956 | Snake:4  | Reached XP level 18. HP: 128/128 MP: 27/34
 46115 | Snake:4  | Learned a level 9 spell: Shatter
 46261 | Snake:4  | Bought a ring of wizardry for 420 gold pieces
 46426 | Snake:4  | Received a gift from Sif Muna
 46427 | Snake:4  | Got Sif Muna's Thoughts on Volcanic Bruises {god gift}
 46456 | Snake:4  | Reached skill level 24 in Earth Magic
 46703 | Snake:4  | Got a serpentine rune of Zot
 46799 | Snake:4  | Bought a potion of heal wounds for 90 gold pieces
 46799 | Snake:4  | Bought a scroll of fog for 72 gold pieces
 47020 | Shoals:1 | Entered Level 1 of the Shoals
 47185 | Shoals:1 | Noticed Tosoun's ghost (adept DsGl)
 47204 | Shoals:1 | Found a runed translucent door.
 47251 | Shoals:1 | Killed Tosoun's ghost
 47677 | Shoals:1 | Reached skill level 25 in Earth Magic
 47803 | Shoals:1 | Noticed Donald
 47810 | Shoals:1 | Killed Donald
 48373 | D:11     | Learned a level 5 spell: Iskenderun's Battlesphere
 49582 | Shoals:2 | Reached skill level 14 in Spellcasting
 50567 | Shoals:3 | Reached XP level 19. HP: 123/134 MP: 14/36
 50976 | Shoals:4 | Entered Level 4 of the Shoals
 51203 | Shoals:4 | Reached skill level 15 in Spellcasting
 51210 | Shoals:4 | Received a gift from Sif Muna
 51215 | Shoals:4 | Noticed Ilsuiw
 51220 | Shoals:4 | Killed Ilsuiw
 51650 | Shoals:4 | Reached skill level 16 in Spellcasting
 52067 | Shoals:4 | Got Sif Muna's Reference Book on Despair and the Barrage
                  | {god gift}
 52209 | Shoals:4 | Got a barnacled rune of Zot
 52826 | Lair:3   | Killed Tohisesh's ghost
 52828 | Lair:3   | Killed Diecruk's ghost
 52834 | Lair:3   | Killed RatherSlowDeath's ghost
 52838 | Lair:3   | Killed Huaprist's ghost
 52863 | Lair:3   | Identified the +7 chain mail "Nofoacu" {rElec rF+}
 53737 | Elf:1    | Entered Level 1 of the Elven Halls
 53881 | Elf:1    | Found Xikiff's Antique Weapon Shoppe.
 54205 | Elf:1    | Reached skill level 17 in Spellcasting
 54459 | Elf:1    | Reached skill level 4 in Fighting
 54537 | Elf:1    | Found a runed translucent door.
 55419 | Elf:1    | Reached skill level 5 in Fighting
 55575 | Elf:2    | Reached skill level 5 in Evocations
 55989 | Elf:2    | Reached XP level 20. HP: 135/146 MP: 10/40
 56221 | Elf:2    | Reached skill level 10 in Invocations
 56223 | Elf:2    | Found a runed translucent gate.
 56224 | Elf:2    | Found a runed translucent gate.
 56224 | Elf:2    | Noticed HoaS's ghost (adept GrHu)
 56225 | Elf:2    | Found a runed translucent gate.
 56229 | Elf:2    | Found an iron altar of Okawaru.
 56289 | Elf:2    | Found a runed translucent gate.
 56289 | Elf:2    | Found a runed translucent gate.
 56290 | Elf:2    | Found a runed translucent gate.
 56648 | Elf:2    | Reached skill level 11 in Invocations
 57108 | Elf:2    | Killed HoaS's ghost
 57577 | Elf:2    | Reached skill level 12 in Invocations
 57613 | Elf:2    | Received a gift from Sif Muna
 57614 | Elf:2    | Got Sif Muna's Atlas of the Lithosphere and the Atmosphere
                  | {god gift}
 57714 | Elf:2    | Reached skill level 6 in Fighting
 57743 | Elf:2    | Reached skill level 7 in Fighting
 57882 | Elf:2    | Reached skill level 8 in Fighting
 58097 | Elf:2    | Learned a level 5 spell: Lee's Rapid Deconstruction
 58098 | Elf:3    | Entered Level 3 of the Elven Halls
 58206 | Elf:3    | Reached skill level 9 in Fighting
 58352 | Elf:3    | Noticed Mara
 58353 | Elf:3    | Reached skill level 7 in Translocations
 58358 | Elf:3    | Killed Mara
 58364 | Elf:3    | Reached skill level 8 in Translocations
 58372 | Elf:3    | Noticed a Tzitzimitl
 58530 | Elf:3    | Reached skill level 9 in Translocations
 58748 | Elf:3    | Noticed a Tzitzimitl
 58812 | Elf:3    | Reached skill level 10 in Translocations
 58865 | Elf:3    | Identified the +10 dire flail of Misery {flame, rC+ Str+3
                  | Dex+4}
 58886 | Elf:3    | Identified the +8 mace "Daizepiwk" {drain, *Slow Will+++
                  | SInv Stlth+}
 58892 | Elf:3    | Got the Secrets of Chilblains and Toxicants
 58968 | Elf:3    | Found the +8 trishula "Condemnation" {holy, anguish, *Noise
                  | Fly rN+}
 58971 | Elf:3    | Identified the +2 pair of boots "Zudoifot" {rF- Will+
                  | Dex+3}
 58984 | Elf:3    | Identified the ring of Compassion {rElec rC+ EV+5 SInv}
 59384 | Elf:3    | Reached XP level 21. HP: 165/165 MP: 17/41
 59500 | Elf:3    | Found Ynkaully's Assorted Antiques.
 59709 | Elf:3    | Bought a potion of heal wounds for 195 gold pieces
 59962 | Vaults:1 | Entered Level 1 of the Vaults
 60518 | Vaults:1 | Reached skill level 11 in Conjurations
 60776 | Vaults:1 | Received a gift from Sif Muna
 60780 | Vaults:1 | Got Sif Muna's Enchiridion on Captivating Topology {god
                  | gift}
 60993 | Vaults:1 | Reached skill level 12 in Conjurations
 61178 | Vaults:1 | Identified the +0 long sword of Seliq {flame, Str+4 Stlth+}
 61395 | Vaults:1 | Learned a level 4 spell: Cause Fear
 61543 | Vaults:1 | Learned a level 5 spell: Fireball
 61888 | Vaults:1 | Found Hirhoq's Weapon Shop.
 62481 | Vaults:2 | Found the dreamshard necklace {*Dream Drain}
 62579 | Vaults:2 | Noticed Asterion
 62582 | Vaults:2 | Killed Asterion
 62786 | Vaults:2 | Received a gift from Sif Muna
 62787 | Vaults:2 | Got Rydghokh's Secrets of Superposition and Blasts {god
                  | gift}
 63613 | Vaults:2 | Found a staircase to the Crypt.
 63722 | Vaults:2 | Noticed Frederick
 63759 | Vaults:2 | Reached skill level 18 in Spellcasting
 63761 | Vaults:2 | Killed Frederick
 63982 | Vaults:2 | Reached XP level 22. HP: 172/172 MP: 9/43
 64772 | Vaults:2 | Learned a level 5 spell: Irradiate
 64773 | Crypt:1  | Entered Level 1 of the Crypt
 64939 | Crypt:1  | Noticed Khufu
 64945 | Crypt:1  | Noticed Caish's ghost (veteran VSSu)
 64946 | Crypt:1  | Killed Khufu
 64946 | Crypt:1  | Noticed an ancient lich
 65074 | Vaults:3 | Found a magical portal.
 65100 | WizLab   | Entered Zonguldrok's Shrine
 65222 | WizLab   | Received a gift from Sif Muna
 65223 | WizLab   | Got Sif Muna's Excursus on Arcane Combat and Rot {god gift}
 65250 | WizLab   | Found the +9 sword of Zonguldrok {reap}
 65769 | WizLab   | Noticed an antique lich
 65776 | WizLab   | Killed an antique lich
 65903 | Vaults:3 | Reached skill level 19 in Spellcasting
 66066 | Vaults:3 | Reached skill level 11 in Translocations
 67367 | Vaults:3 | Reached skill level 12 in Translocations
 68237 | Vaults:3 | Identified the +1 mace "Ryef" {freeze, *Slow Fly Will+
                  | Stlth+}
 68873 | Vaults:4 | Reached skill level 13 in Translocations
 68998 | Vaults:4 | Received a gift from Sif Muna
 68999 | Vaults:4 | Got Gym Dan's Compilation of Collective Impurities {god
                  | gift}
 69455 | Vaults:4 | Reached skill level 14 in Translocations
 70477 | Vaults:4 | Reached XP level 23. HP: 178/178 MP: 31/45
 70927 | Vaults:4 | Reached skill level 15 in Translocations
 71666 | Vaults:2 | Learned a level 8 spell: Disjunction
 71668 | Crypt:1  | Noticed a dread lich
 71670 | Crypt:1  | Noticed Dassydak's ghost (adept GrFi)
 71671 | Crypt:1  | Killed an ancient lich
 71671 | Crypt:1  | Killed a dread lich
 71672 | Crypt:1  | Noticed a royal mummy
 71776 | Crypt:1  | Killed a royal mummy
 71841 | Crypt:1  | Noticed Vv
 71847 | Crypt:1  | Killed Vv
 71977 | Crypt:1  | Killed Caish's ghost
 71978 | Crypt:1  | Reached skill level 16 in Translocations
 72114 | Crypt:1  | Killed Dassydak's ghost
 72626 | Crypt:1  | Found an ancient bone altar of Kikubaaqudgha.
 72628 | Crypt:1  | Found a runed translucent gate.
 72628 | Crypt:1  | Found a runed translucent gate.
 72628 | Crypt:1  | Found a runed translucent gate.
 72631 | Crypt:1  | Identified the +0 helmet of Integrity {Will++}
 72656 | Crypt:1  | Identified the ring "Guagih Egrys" {rN+ Dex+2}
 72862 | Crypt:1  | Noticed Sojobo
 73758 | Crypt:2  | Noticed Zenata
 73765 | Crypt:2  | Killed Zenata
 74491 | Crypt:1  | Reached skill level 17 in Translocations
 74634 | Crypt:1  | Killed Sojobo
 75755 | Crypt:2  | Identified the ring "Iclofen" {Ice Str+3 Dex-3 Slay+3}
 75755 | Crypt:2  | Noticed Josephina
 75758 | Crypt:2  | Killed Josephina
 76613 | Crypt:3  | Entered Level 3 of the Crypt
 76923 | Crypt:3  | Reached skill level 18 in Translocations
 77099 | Crypt:3  | Received a gift from Sif Muna
 77100 | Crypt:3  | Got Sif Muna's Anthology of Frosty Ensorcelling {god gift}
 77219 | Crypt:3  | Noticed a curse toe
 77228 | Crypt:3  | Reached XP level 24. HP: 138/185 MP: 4/45
 77235 | Crypt:3  | Killed a curse toe
 77612 | Crypt:3  | Found a staircase to the Tomb.
 77884 | Crypt:3  | Identified the +6 shortbow of Zejafim {antimagic, rC+ rN+
                  | rCorr Dex+2}
 77884 | Crypt:3  | Noticed an ancient lich
 77886 | Crypt:3  | Killed an ancient lich
 78282 | Crypt:3  | Reached skill level 20 in Spellcasting
 79091 | Depths:1 | Entered Level 1 of the Depths
 79169 | Depths:1 | Found an opulent altar of Gozag.
 79900 | D:15     | You paid a toll of 14 potions of curing to enter a treasure
                  | trove
 79901 | Trove    | Entered a treasure trove
 79912 | Trove    | Identified the ring "Exexizemp" {MP+9 Str+3}
 79917 | Trove    | Identified the ring "Xaicopt" {rF- Will+ MP+9 Int+6 Dex+3}
 79919 | Trove    | Identified the amulet of Hem Qetz {Faith Str+2}
 79932 | Trove    | Identified the ring of Propriety {rF- Will+ Str+2 Slay+3}
 79934 | Trove    | Identified the ring of Xocsu {rF+ MP+9 Dex+2}
 79936 | Trove    | Identified the ring of Poqubriott {rPois MP+9 Str+5 Stlth+}
 79939 | Trove    | not worth the 14 curing, useless junk
 80469 | Depths:1 | You fall into a shaft and drop 1 floor!
 80480 | Depths:2 | Found a one-way gateway to a ziggurat.
 80481 | Depths:2 | Found a one-way gate to the infinite horrors of the Abyss.
 80785 | Depths:1 | Found a gateway to Hell.
 81045 | Depths:2 | Found a bloodstained altar of Trog.
 82974 | Depths:2 | Reached skill level 21 in Spellcasting
 82984 | Depths:1 | Learned a level 7 spell: Orb of Destruction
 84365 | Depths:3 | Reached skill level 13 in Conjurations
 84392 | Depths:3 | Noticed the Enchantress
 84400 | Depths:3 | Killed the Enchantress
 84933 | Depths:3 | Reached XP level 25. HP: 192/192 MP: 7/47
 85151 | Depths:3 | Found Eqeoh's Antique Weapon Emporium.
 85159 | Depths:3 | Bought a slimy lajatang for 620 gold pieces
 85159 | Depths:3 | Identified the +4 lajatang "Abraysch" {flame, rElec rN++}
                  | (You bought it in a shop on level 3 of the Depths)
 85343 | Depths:3 | Identified the +0 scale mail of Space {+Blink}
 85821 | Depths:3 | Reached skill level 14 in Conjurations
 86012 | Depths:3 | Reached skill level 1 in Summonings
 86015 | Depths:3 | Noticed a juggernaut
 86016 | Depths:3 | Reached skill level 2 in Summonings
 86018 | Depths:3 | Killed a juggernaut
 86023 | Depths:3 | Reached skill level 3 in Summonings
 86026 | Depths:3 | Reached skill level 4 in Summonings
 86288 | Depths:3 | Reached skill level 5 in Summonings
 86887 | Depths:3 | Found a runed translucent gate.
 86887 | Depths:3 | Found a runed translucent gate.
 86887 | Depths:3 | Found a runed translucent gate.
 86888 | Depths:3 | Noticed Lyshro Ryrr's ghost (adept VSWr)
 86889 | Depths:3 | Noticed Sesmit's ghost (veteran DjCj)
 87057 | Depths:3 | Killed Lyshro Ryrr's ghost
 87107 | Depths:3 | Killed Sesmit's ghost
 87161 | Depths:3 | Identified the +10 hand axe "Ithim" {heavy, Fly rF+ Str+2}
 87164 | Depths:3 | Identified the ring of Vuxkum {Int+4 Dex+2 SInv}
 87230 | Depths:4 | Entered Level 4 of the Depths
 87236 | Depths:4 | Reached skill level 6 in Summonings
 87424 | Depths:4 | Reached skill level 7 in Summonings
 87575 | Depths:4 | Reached skill level 8 in Summonings
 88432 | Depths:4 | Reached skill level 9 in Summonings
 88766 | Depths:4 | Received a gift from Sif Muna
 88772 | Depths:4 | Got Sif Muna's Encyclopedia of Non-Euclidean Conjuration
                  | {god gift}
 88984 | Depths:4 | Identified the +6 chain mail of Distant Shores {rPois rF+
                  | rC++}
 89116 | Depths:4 | Reached skill level 10 in Summonings
 89287 | Depths:4 | Found a gate to the Realm of Zot.
 89337 | Depths:3 | Learned a level 7 spell: Spellforged Servitor
 90381 | Slime:1  | Entered Level 1 of the Pits of Slime
 91415 | Slime:2  | Reached skill level 11 in Summonings
 92654 | Slime:4  | Reached skill level 12 in Summonings
 92656 | Slime:4  | Reached XP level 26. HP: 166/201 MP: 8/47
 93045 | D:15     | Reached XP level 27. HP: 207/207 MP: 47/47
 93450 | Slime:4  | Reached skill level 13 in Summonings
 94255 | Slime:5  | Entered Level 5 of the Pits of Slime
 94305 | Slime:5  | Noticed the Royal Jelly
 95226 | Slime:5  | Received a gift from Sif Muna
 95547 | Slime:5  | Killed the Royal Jelly
 95651 | Slime:5  | Got a slimy rune of Zot
 95652 | Slime:5  | Identified the ring "Intuo" {Will+ EV+5 SInv}
 95687 | Slime:5  | Identified the amulet "Kiax" {RegenMP Str+2}
 95718 | Slime:5  | Identified the +6 falchion "Fihuelly" {heavy, Fly Will+
                  | MP-9 Dex+7}
 95738 | Slime:5  | Identified the ring of Youthful Indiscretion {rPois MP-9
                  | Int+6}
 95742 | Slime:5  | Identified the +10 plate armour of Impressiveness {Dex+5}
 96426 | Vaults:5 | Entered Level 5 of the Vaults
 96426 | Vaults:5 | Noticed a dread lich
 96426 | Vaults:5 | Noticed a dread lich
 96426 | Vaults:5 | Noticed Xtahua
 96428 | Vaults:5 | Reached skill level 22 in Spellcasting
 96428 | Vaults:5 | Reached skill level 2 in Transmutations
 96428 | Vaults:5 | Killed a dread lich
 96428 | Vaults:5 | Killed a dread lich
 96429 | Vaults:5 | Reached skill level 3 in Transmutations
 96433 | Vaults:5 | Killed Xtahua
 96450 | Vaults:5 | Noticed Jory
 96451 | Vaults:5 | Identified the ring of Wisdom {Fly rF+}
 96451 | Vaults:5 | Noticed a dread lich
 96454 | Vaults:5 | Identified the +2 robe of Skepticism {Str+3}
 96455 | Vaults:5 | Killed a dread lich
 96455 | Vaults:5 | Received a gift from Sif Muna
 96457 | Vaults:5 | Killed Jory
 96467 | Vaults:5 | Noticed a dread lich
 96469 | Vaults:5 | Killed a dread lich
 96470 | Vaults:5 | Reached skill level 23 in Spellcasting
 96472 | Vaults:5 | Reached skill level 10 in Fighting
 96530 | Vaults:5 | Reached skill level 11 in Fighting
 96808 | Vaults:5 | Reached skill level 12 in Fighting
 96942 | Vaults:5 | Found Lurr's Distillery.
 96970 | Vaults:5 | Reached skill level 13 in Fighting
 97363 | Vaults:5 | Reached skill level 14 in Fighting
 97719 | Vaults:5 | Identified the +6 great sword of Rousicen {spect, Str+3}
 97771 | Vaults:5 | Identified the ring "Dateigu" {Fire rCorr}
 97773 | Vaults:5 | Received a gift from Sif Muna
 97798 | Vaults:4 | Learned a level 5 spell: Yara's Violent Unravelling
 98005 | Vaults:5 | Found Tuhiv's Distillery.
 98214 | Vaults:5 | Got the Lectures on Cankerous Breath
 98561 | Vaults:5 | Found the +8 storm bow {elec, penet}
 98569 | Vaults:5 | Got a silver rune of Zot
 98645 | Vaults:5 | Found the macabre finger necklace {Finger+ rN+}
 98650 | Vaults:5 | Identified the +2 long sword of Quantum Leap {freeze,
                  | rPois}
 98804 | Vaults:5 | Found Bebbiuh's Distillery.
 98804 | Vaults:5 | Found the +9 scales of the Dragon King {rPois rF+ rC+
                  | Will+}
 98821 | Vaults:5 | Found Siped's Magic Scroll Emporium.
 98825 | Vaults:5 | Bought a scroll of butterflies for 72 gold pieces
 98835 | Vaults:5 | Found Amykutou's Magic Scroll Shop.
 98980 | Vaults:5 | Bought 2 potions of curing for 84 gold pieces
 98980 | Vaults:5 | Bought a potion of curing for 42 gold pieces
 98980 | Vaults:5 | Bought a potion of heal wounds for 70 gold pieces
 98980 | Vaults:5 | Bought a potion of heal wounds for 70 gold pieces
 98991 | Vaults:5 | Bought a potion of curing for 51 gold pieces
 98991 | Vaults:5 | Bought a potion of brilliance for 68 gold pieces
 98991 | Vaults:5 | Bought a potion of curing for 51 gold pieces
 99002 | Vaults:5 | Bought a scroll of fear for 56 gold pieces
 99002 | Vaults:5 | Bought a scroll of fear for 56 gold pieces
 99002 | Vaults:5 | Bought a scroll of fog for 56 gold pieces
 99020 | Vaults:5 | Bought a potion of brilliance for 56 gold pieces
 99020 | Vaults:5 | Bought a potion of cancellation for 112 gold pieces
 99020 | Vaults:5 | Bought a potion of heal wounds for 70 gold pieces
 99020 | Vaults:5 | Bought 2 potions of curing for 84 gold pieces
 99020 | Vaults:5 | Bought a potion of magic for 112 gold pieces
 99020 | Vaults:5 | Bought a potion of invisibility for 112 gold pieces
 99020 | Vaults:5 | Bought a potion of ambrosia for 112 gold pieces
 99027 | Vaults:5 | Bought a potion of brilliance for 56 gold pieces
 99065 | Vaults:5 | Learned a level 6 spell: Iron Shot
 99261 | D:15     | Acquired 676 gold pieces
 99262 | D:15     | Acquired a manual of Evocations
 99335 | Hell     | Entered the Vestibule of Hell
 99337 | Hell     | Noticed Geryon
 99375 | Hell     | Killed Geryon
 99929 | Hell     | Received a gift from Sif Muna
100103 | Hell     | Found a gateway to the decaying netherworld of Tartarus.
100388 | Hell     | Found a gateway to the freezing wastes of Cocytus.
100479 | Hell     | Found a gateway to the Iron City of Dis.
100555 | Hell     | Found a gateway to the ashen valley of Gehenna.
100756 | D:14     | Bought a manual of Hexes for 1360 gold pieces
100943 | Depths:2 | Voluntarily entered the Abyss.
101217 | Abyss:1  | Reached skill level 24 in Spellcasting
101358 | Abyss:1  | Reached skill level 6 in Evocations
101450 | Abyss:1  | Reached skill level 7 in Evocations
101545 | Abyss:1  | Learned a level 8 spell: Lehudib's Crystal Spear
101599 | Abyss:1  | Reached skill level 8 in Evocations
101729 | Abyss:1  | Reached skill level 9 in Evocations
101733 | Abyss:1  | Reached skill level 15 in Fighting
101733 | Abyss:1  | Paralysed by accursed screaming for 1 turns
101739 | Abyss:1  | Reached skill level 1 in Ice Magic
101747 | Abyss:1  | Reached skill level 2 in Ice Magic
101762 | Abyss:1  | Reached skill level 3 in Ice Magic
101827 | Abyss:1  | Reached skill level 4 in Ice Magic
101948 | Abyss:1  | Reached skill level 5 in Ice Magic
101968 | Abyss:1  | Reached skill level 6 in Ice Magic
101991 | Abyss:1  | Reached skill level 7 in Ice Magic
102033 | Abyss:1  | Reached skill level 8 in Ice Magic
102281 | Abyss:1  | Reached skill level 9 in Ice Magic
102323 | Abyss:1  | Reached skill level 1 in Axes
102323 | Abyss:1  | Reached skill level 10 in Ice Magic
102333 | Abyss:1  | Reached skill level 2 in Axes
102340 | Abyss:1  | Noticed a dread lich
102346 | Abyss:1  | Killed a dread lich
102347 | Abyss:1  | Reached skill level 11 in Ice Magic
102714 | Abyss:1  | Found a corrupted altar of Lugonu.
102721 | Abyss:1  | Reached skill level 12 in Ice Magic
103041 | Abyss:1  | Found a corrupted altar of Lugonu.
103045 | Abyss:1  | Reached skill level 13 in Ice Magic
103247 | Abyss:1  | Found a corrupted altar of Lugonu.
103264 | Abyss:1  | Reached skill level 14 in Ice Magic
103357 | Abyss:1  | Reached ****** piety under Sif Muna
103366 | Abyss:1  | Reached skill level 15 in Ice Magic
103567 | Abyss:1  | Found a corrupted altar of Lugonu.
103625 | Abyss:1  | Reached skill level 16 in Ice Magic
103678 | Abyss:1  | Found a corrupted altar of Lugonu.
103947 | Abyss:2  | Found a corrupted altar of Lugonu.
104055 | Abyss:2  | Found a corrupted altar of Lugonu.
104095 | Abyss:2  | Reached skill level 17 in Ice Magic
104578 | Abyss:2  | Reached skill level 18 in Ice Magic
104864 | Abyss:2  | Reached skill level 19 in Ice Magic
105007 | Abyss:2  | Reached skill level 20 in Ice Magic
105498 | Abyss:2  | Reached skill level 21 in Ice Magic
105700 | Depths:2 | Escaped the Abyss
105980 | Depths:2 | Voluntarily entered the Abyss.
105980 | Abyss:2  | Found a corrupted altar of Lugonu.
106000 | Abyss:2  | Found a corrupted altar of Lugonu.
106307 | Abyss:2  | Reached skill level 22 in Ice Magic
106825 | Abyss:2  | Noticed a dread lich
106834 | Abyss:2  | Killed a dread lich
106900 | Abyss:2  | Reached skill level 23 in Ice Magic
107317 | Abyss:2  | Reached skill level 24 in Ice Magic
107382 | Abyss:2  | Reached skill level 10 in Evocations
107453 | Depths:2 | Escaped the Abyss
107517 | D:15     | Learned a level 9 spell: Polar Vortex
107522 | D:15     | Learned a level 3 spell: Ozocubu's Armour
107526 | D:15     | Learned a level 3 spell: Kindle Blastsparks
107580 | Depths:2 | Voluntarily entered the Abyss.
107678 | Abyss:2  | Learned a level 3 spell: Hailstorm
107731 | Abyss:2  | Reached skill level 11 in Evocations
107919 | Depths:2 | Escaped the Abyss
107997 | Depths:2 | Voluntarily entered the Abyss.
107997 | Abyss:2  | Found a corrupted altar of Lugonu.
108049 | Abyss:2  | Found a corrupted altar of Lugonu.
108082 | Abyss:2  | Found a corrupted altar of Lugonu.
108733 | Depths:2 | Escaped the Abyss
108938 | Depths:2 | Voluntarily entered the Abyss.
108963 | Abyss:2  | Found a corrupted altar of Lugonu.
109284 | Abyss:2  | Reached skill level 25 in Spellcasting
109671 | Depths:2 | Escaped the Abyss
109717 | Depths:2 | Voluntarily entered the Abyss.
109775 | Abyss:2  | Found a corrupted altar of Lugonu.
109781 | Abyss:2  | Found a corrupted altar of Lugonu.
109781 | Abyss:2  | Found a corrupted altar of Lugonu.
109782 | Abyss:2  | Found a corrupted altar of Lugonu.
109902 | Abyss:3  | Got an abyssal rune of Zot
109912 | Depths:2 | Escaped the Abyss
110191 | Zot:1    | Entered Level 1 of the Realm of Zot
110483 | Zot:1    | Reached skill level 26 in Spellcasting
111848 | Zot:2    | Noticed an orb of fire
111862 | Zot:2    | Killed an orb of fire
112997 | Zot:2    | Noticed Hatyhoji's ghost (legendary GrFi)
113028 | Zot:2    | Found a transporter.
113049 | Zot:2    | Found a transporter.
113565 | Zot:2    | Reached skill level 27 in Spellcasting
113649 | Zot:2    | Killed Hatyhoji's ghost
113890 | Zot:2    | Identified the ring of the Vanishing Cities {Fire Dex+6}
113894 | Zot:2    | Identified the amulet "Call" {Faith rN+ Slay+4}
114196 | Zot:3    | Identified the +8 hand axe of Uncomfortable Rashes {freeze,
                  | Str+2 Int+9 Stlth-}
114348 | Zot:3    | Acquired a manual of Throwing
114843 | Zot:3    | Identified the +5 falchion of the Elven Halls {antimagic,
                  | *Rage rN+ SInv}
115005 | Zot:4    | Reached skill level 25 in Ice Magic
115024 | Zot:4    | Reached skill level 12 in Evocations
115279 | Zot:4    | Reached skill level 13 in Invocations
115745 | Zot:4    | Identified the +1 plate armour of Ru's Whim {Rampage Will+
                  | Dex+3}
115961 | Zot:4    | Identified the +2 ring mail "Vaozxuud" {rPois Dex+3}
116213 | Zot:4    | Learned a level 6 spell: Dispersal
116230 | Zot:4    | Learned a level 5 spell: Fireball
116236 | Zot:4    | Learned a level 5 spell: Irradiate
117133 | Tomb:1   | Entered Level 1 of the Tomb of the Ancients
117297 | Tomb:1   | Reached skill level 14 in Invocations
117342 | Tomb:1   | Noticed a royal mummy
117344 | Tomb:1   | Noticed a royal mummy
117347 | Tomb:1   | Noticed a royal mummy
117347 | Tomb:1   | Noticed a royal mummy
117348 | Tomb:1   | Killed a royal mummy
117348 | Tomb:1   | Killed a royal mummy
117348 | Tomb:1   | Killed a royal mummy
117348 | Tomb:1   | Noticed a royal mummy
117348 | Tomb:1   | Noticed a royal mummy
117349 | Tomb:1   | Noticed a royal mummy
117349 | Tomb:1   | Noticed a royal mummy
117351 | Tomb:1   | Killed a royal mummy
117351 | Tomb:1   | Killed a royal mummy
117352 | Tomb:1   | Reached skill level 15 in Invocations
117352 | Tomb:1   | Killed a royal mummy
117352 | Tomb:1   | Killed a royal mummy
117352 | Tomb:1   | Killed a royal mummy
117353 | Tomb:1   | Reached skill level 4 in Transmutations
117361 | Tomb:1   | Noticed a royal mummy
117365 | Tomb:1   | Killed a royal mummy
117465 | Tomb:1   | Noticed a royal mummy
117476 | Tomb:1   | Killed a royal mummy
117566 | Tomb:1   | Noticed a royal mummy
117588 | Tomb:1   | Killed a royal mummy
117589 | Tomb:1   | Reached skill level 16 in Fighting
117610 | Tomb:1   | Noticed a royal mummy
117611 | Tomb:1   | Noticed a royal mummy
117614 | Tomb:1   | Killed a royal mummy
117614 | Tomb:1   | Killed a royal mummy
117732 | Tomb:1   | Noticed a royal mummy
117737 | Tomb:1   | Killed a royal mummy
118302 | Tomb:1   | Noticed a royal mummy
118313 | Tomb:1   | Reached skill level 13 in Evocations
118313 | Tomb:1   | Killed a royal mummy
118318 | Tomb:1   | Noticed a royal mummy
118319 | Tomb:1   | Noticed a royal mummy
118322 | Tomb:1   | Killed a royal mummy
118323 | Tomb:1   | Killed a royal mummy
118324 | Tomb:1   | Noticed a royal mummy
118326 | Tomb:1   | Noticed a royal mummy
118328 | Tomb:1   | Killed a royal mummy
118330 | Tomb:1   | Killed a royal mummy
118331 | Tomb:1   | Noticed a royal mummy
118332 | Tomb:1   | Noticed a royal mummy
118334 | Tomb:1   | Killed a royal mummy
118335 | Tomb:1   | Reached skill level 17 in Fighting
118335 | Tomb:1   | Noticed a royal mummy
118336 | Tomb:1   | Killed a royal mummy
118337 | Tomb:1   | Noticed a royal mummy
118340 | Tomb:1   | Killed a royal mummy
118343 | Tomb:1   | Killed a royal mummy
118344 | Tomb:1   | Noticed a royal mummy
118348 | Tomb:1   | Killed a royal mummy
118719 | Tomb:1   | Noticed a royal mummy
118720 | Tomb:1   | Killed a royal mummy
119202 | Tomb:2   | Reached skill level 18 in Fighting
119273 | Tomb:2   | Noticed a royal mummy
119276 | Tomb:2   | Noticed a royal mummy
119281 | Tomb:2   | Killed a royal mummy
119281 | Tomb:2   | Killed a royal mummy
119286 | Tomb:2   | Noticed a royal mummy
119291 | Tomb:2   | Noticed a royal mummy
119294 | Tomb:2   | Killed a royal mummy
119295 | Tomb:2   | Reached skill level 14 in Evocations
119295 | Tomb:2   | Killed a royal mummy
119576 | Tomb:2   | Reached skill level 19 in Fighting
119705 | Tomb:2   | Identified the +6 ring mail of the Bells {rC+}
119897 | Tomb:3   | Entered Level 3 of the Tomb of the Ancients
119910 | Tomb:3   | Noticed a royal mummy
119918 | Tomb:3   | Noticed a royal mummy
119921 | Tomb:3   | Killed a royal mummy
119921 | Tomb:3   | Killed a royal mummy
119924 | Tomb:3   | Noticed a royal mummy
119931 | Tomb:3   | Killed a royal mummy
119935 | Tomb:3   | Noticed a royal mummy
119936 | Tomb:3   | Reached skill level 20 in Fighting
119936 | Tomb:3   | Noticed a royal mummy
119939 | Tomb:3   | Killed a royal mummy
119939 | Tomb:3   | Noticed a royal mummy
119940 | Tomb:3   | Killed a royal mummy
119942 | Tomb:3   | Noticed a royal mummy
119944 | Tomb:3   | Killed a royal mummy
119944 | Tomb:3   | Killed a royal mummy
119945 | Tomb:3   | Noticed a royal mummy
119948 | Tomb:3   | Killed a royal mummy
120071 | Tomb:3   | Identified the amulet "Keloohub" {RegenMP Dex+4 Stlth-}
120080 | Tomb:3   | Identified the ring "Goro" {Fly MP+9 Str+3 Int+2 Stlth+}
120414 | Tomb:3   | Got a golden rune of Zot
120535 | Tomb:1   | Noticed a royal mummy
120537 | Tomb:1   | Killed a royal mummy
121158 | Pan      | Entered Pandemonium
121203 | Pan      | Reached skill level 21 in Fighting
121954 | Pan      | Reached skill level 22 in Fighting
121982 | Pan      | Noticed Bovij the pandemonium lord
121988 | Pan      | Killed Bovij the pandemonium lord
122046 | Pan      | Got a demonic rune of Zot
122535 | Pan      | Reached skill level 23 in Fighting
123015 | Pan      | Identified the +5 lajatang "Gihuibi" {flame, *Noise rElec
                  | rPois}
123632 | Pan      | Noticed Rablew the pandemonium lord
123639 | Pan      | Killed Rablew the pandemonium lord
123665 | Pan      | Reached skill level 1 in Armour
123761 | Pan      | Reached skill level 2 in Armour
123985 | Depths:2 | Escaped Pandemonium
123988 | Pan      | Entered Pandemonium
123999 | Pan      | Reached skill level 3 in Armour
124073 | Pan      | Reached skill level 4 in Armour
124412 | Pan      | Reached skill level 5 in Armour
124696 | Pan      | Reached skill level 6 in Armour
125064 | Pan      | Reached skill level 7 in Armour
125388 | Pan      | Noticed Foivifo the pandemonium lord
125393 | Pan      | Killed Foivifo the pandemonium lord
125400 | Pan      | Reached skill level 8 in Armour
125746 | Pan      | Identified the +6 dagger of the Heavens {freeze, Contam
                  | rElec rF+ Str+2}
126353 | Pan      | Found a transporter.
126500 | Pan      | Reached skill level 15 in Evocations
127074 | Pan      | Identified the +1 hand axe "Myggyibe" {spect, Will+ Int+5}
127127 | Pan      | Found a transporter.
127340 | Pan      | Found an exit through the horrors of the Abyss.
127620 | Pan      | Reached skill level 16 in Evocations
128726 | Pan      | Identified the ring "Wuofif" {rN+ Str+6 Stlth+}
128738 | Pan      | Identified the ring of Lyemeskunt {Fly Dex+4 Slay+2}
129237 | Pan      | Found a huge runed translucent gate.
129456 | Pan      | Reached skill level 17 in Evocations
129824 | Pan      | Found a huge runed translucent gate.
129825 | Pan      | Found a huge runed translucent gate.
129825 | Pan      | Found a huge runed translucent gate.
129825 | Pan      | Found a huge runed translucent gate.
129825 | Pan      | Found a huge runed translucent gate.
130235 | Pan      | Reached skill level 16 in Invocations
130483 | Pan      | Found a huge runed translucent gate.
130924 | Pan      | Noticed Tuamop the pandemonium lord
130935 | Pan      | Killed Tuamop the pandemonium lord
130942 | Pan      | Reached skill level 17 in Invocations
130990 | Pan      | Entered the realm of Gloorx Vloq.
131022 | Pan      | Noticed Gloorx Vloq
131028 | Pan      | Killed Gloorx Vloq
131029 | Pan      | Reached skill level 18 in Invocations
131150 | Pan      | Found an exit through the horrors of the Abyss.
131403 | Pan      | Noticed Ignacio
131411 | Pan      | Killed Ignacio
131756 | Pan      | Reached skill level 18 in Evocations
131863 | Pan      | Reached skill level 9 in Armour
132162 | Pan      | Got a dark rune of Zot
132303 | Pan      | Took an exit into the Abyss.
132303 | Abyss:3  | Escaped into the Abyss
132324 | Depths:2 | Escaped the Abyss
132403 | Pan      | Entered Pandemonium
132455 | Pan      | Reached skill level 10 in Armour
132476 | Pan      | Killed Wolithroc the pandemonium lord
132477 | Pan      | Reached skill level 11 in Armour
133363 | Pan      | Reached skill level 12 in Armour
133396 | Pan      | Noticed a dread lich
133398 | Pan      | Killed a dread lich
133399 | Pan      | Found Geashroal's Infernal Boutique.
133579 | Pan      | Reached skill level 13 in Armour
133669 | Pan      | Found an opulent altar of Gozag.
133711 | Pan      | Noticed Geashroal the pandemonium lord
133716 | Pan      | Killed Geashroal the pandemonium lord
133757 | Pan      | Noticed a dread lich
133766 | Pan      | Killed a dread lich
133931 | Pan      | Found Geashroal's Jewellery Shop.
133953 | Pan      | Found an opulent altar of Gozag.
133954 | Pan      | Found Geashroal's Rarities Outlet.
134075 | Pan      | Found an opulent altar of Gozag.
134102 | Pan      | Reached skill level 19 in Invocations
134108 | Pan      | Bought the amulet of Osaguz {Reflect rElec rC+ Dex+3 SH+5}
                  | for 1146 gold pieces
134118 | Pan      | Bought the amulet "Isennimu" {RegenMP rCorr Stlth+} for 817
                  | gold pieces
134141 | Pan      | Found Geashroal's Book Shop.
134706 | Pan      | Bought 2 scrolls of torment for 399 gold pieces
134706 | Pan      | Bought 3 scrolls of torment for 598 gold pieces
134739 | Depths:2 | Escaped Pandemonium
134883 | Pan      | Entered the realm of Mnoleg.
134883 | Pan      | Entered Pandemonium
135605 | Pan      | Reached skill level 20 in Invocations
136590 | Pan      | Noticed Mnoleg
136602 | Pan      | Killed Mnoleg
136603 | Pan      | Reached skill level 21 in Invocations
137100 | Pan      | Reached skill level 24 in Fighting
137510 | Pan      | Got a glowing rune of Zot
138108 | Pan      | Noticed Xisihin the pandemonium lord
138129 | Pan      | Killed Xisihin the pandemonium lord
138423 | Pan      | Reached skill level 19 in Evocations
139069 | Depths:2 | Escaped Pandemonium
139072 | Pan      | Entered Pandemonium
139244 | Pan      | Identified the +4 arbalest of Intuition {flame, rF+ rCorr
                  | Int+3}
139463 | Pan      | Reached skill level 25 in Fighting
140132 | Pan      | Noticed Idghefis the pandemonium lord
140141 | Pan      | Killed Idghefis the pandemonium lord
140160 | Pan      | Identified the amulet "Soghuynn" {Acrobat Int+5}
140187 | Depths:2 | Escaped Pandemonium
140244 | Pan      | Entered the realm of Lom Lobon.
140244 | Pan      | Entered Pandemonium
140518 | Pan      | Found an exit through the horrors of the Abyss.
141070 | Pan      | Reached skill level 20 in Evocations
141598 | Pan      | Noticed Lom Lobon
141651 | Pan      | Killed Lom Lobon
141991 | Pan      | Got a magical rune of Zot
142111 | Pan      | Entered the realm of Cerebov.
142349 | Pan      | Found an exit through the horrors of the Abyss.
142393 | Pan      | Reached skill level 26 in Fighting
142885 | Pan      | Identified the +9 morningstar of Exquisite Death {venom,
                  | rPois rC+}
143090 | Pan      | Identified the ring of Moderation {rElec rN+ Will+ SInv
                  | Stlth-}
143254 | Pan      | Identified the amulet of Xom's Capriciousness {Faith rN+}
143518 | Pan      | Identified the ring "Sesat" {Wiz rN+}
143524 | Pan      | Identified the +1 dagger of Stickiness {venom, rN+ Will+
                  | Str+4 Dex+2}
143530 | Pan      | Found the +6 sword of Cerebov {flame}
143530 | Pan      | Noticed Cerebov
143586 | Pan      | Killed Cerebov
143587 | Pan      | Reached skill level 21 in Evocations
143602 | Pan      | Got a fiery rune of Zot
143614 | Pan      | Identified the +1 cloak of the King of the Hill {rC- rN+
                  | Int+3}
143977 | Pan      | Found an exit through the horrors of the Abyss.
144133 | Pan      | Noticed Ynecoops the pandemonium lord
144139 | Pan      | Killed Ynecoops the pandemonium lord
144853 | Depths:2 | Escaped Pandemonium
145943 | Zot:5    | Entered Level 5 of the Realm of Zot
146246 | Zot:5    | Noticed an ancient lich
146248 | Zot:5    | Killed an ancient lich
146249 | Zot:5    | Reached skill level 26 in Ice Magic
146249 | Zot:5    | Reached skill level 26 in Earth Magic
147636 | Zot:5    | Noticed an ancient lich
147644 | Zot:5    | Killed an ancient lich
149335 | Zot:5    | Noticed an orb of fire
149335 | Zot:5    | Noticed a dread lich
149391 | Zot:5    | Killed a dread lich
149392 | Zot:5    | Reached skill level 27 in Fighting
149400 | Zot:4    | Learned a level 4 spell: Cause Fear
149467 | Zot:5    | Noticed an ancient lich
149470 | Zot:5    | Killed an ancient lich
149472 | Zot:5    | Killed an orb of fire
149641 | Zot:5    | Noticed an ancient lich
149641 | Zot:5    | Noticed an orb of fire
149645 | Zot:5    | Killed an ancient lich
149651 | Zot:5    | Killed an orb of fire
149823 | Zot:5    | Noticed an orb of fire
149833 | Zot:5    | Killed an orb of fire
149968 | Zot:5    | Reached skill level 22 in Evocations
150042 | Zot:5    | Noticed an ancient lich
150051 | Zot:5    | Killed an ancient lich
150240 | Zot:5    | Noticed an orb of fire
150249 | Zot:5    | Killed an orb of fire
150423 | Zot:5    | Noticed an orb of fire
150474 | Zot:5    | Killed an orb of fire
152087 | Depths:2 | Learned a level 5 spell: Fireball
152111 | Geh:1    | Entered Level 1 of Gehenna
152133 | Geh:1    | Reached skill level 23 in Evocations
152133 | Geh:1    | Noticed an ancient lich
152136 | Geh:1    | Killed an ancient lich
152355 | Geh:1    | You are sucked into a shaft and drop 1 floor!
152411 | Geh:2    | Reached skill level 22 in Invocations
152418 | Geh:2    | Noticed a dread lich
152426 | Geh:2    | Killed a dread lich
154316 | Geh:7    | Entered Level 7 of Gehenna
155124 | Geh:7    | Reached skill level 24 in Evocations
155691 | Geh:7    | Reached skill level 14 in Armour
155960 | Geh:7    | Identified the ring of the Princeling {Fire rCorr Int-3
                  | Slay+5 Stlth+}
156157 | Geh:7    | Reached skill level 15 in Armour
156328 | Geh:7    | Found the +7 sceptre of Asmodeus
156328 | Geh:7    | Noticed Asmodeus
156344 | Geh:7    | Killed Asmodeus
156356 | Geh:7    | Got an obsidian rune of Zot
156481 | Coc:1    | Entered Level 1 of Cocytus
156942 | Coc:2    | Reached skill level 16 in Armour
157648 | Coc:4    | Reached skill level 17 in Armour
158469 | Coc:7    | Entered Level 7 of Cocytus
158567 | Coc:7    | Noticed the Serpent of Hell
158583 | Coc:7    | Killed the Serpent of Hell
158598 | Coc:7    | Reached skill level 25 in Evocations
158727 | Coc:7    | Paralysed by a wendigo for 1 turns
159570 | Coc:7    | Paralysed by a wendigo for 1 turns
159693 | Coc:7    | Reached skill level 26 in Evocations
159826 | Coc:7    | Noticed Antaeus
159842 | Coc:7    | Killed Antaeus
160037 | Coc:7    | Paralysed by a wendigo for 1 turns
160294 | Coc:7    | Paralysed by a wendigo for 1 turns
160704 | Coc:7    | Identified the +7 dagger of Xuveic {antimagic, rElec
                  | Stlth+}
160709 | Coc:7    | Got an icy rune of Zot
161170 | Dis:1    | Entered Level 1 of the Iron City of Dis
161176 | Dis:1    | Reached skill level 27 in Evocations
161180 | Dis:1    | Reached skill level 3 in Dodging
161228 | Dis:1    | Reached skill level 4 in Dodging
161379 | Dis:1    | Reached skill level 5 in Dodging
161387 | Dis:1    | Learned a level 3 spell: Summon Guardian Golem
161573 | Dis:2    | Reached skill level 6 in Dodging
161763 | Dis:2    | Reached skill level 7 in Dodging
161955 | Dis:3    | Reached skill level 8 in Dodging
161983 | Dis:3    | Reached skill level 9 in Dodging
162325 | Dis:4    | Reached skill level 10 in Dodging
162519 | Dis:5    | Reached skill level 11 in Dodging
163029 | Dis:6    | Reached skill level 12 in Dodging
163311 | Dis:7    | Entered Level 7 of the Iron City of Dis
163356 | Dis:7    | Reached skill level 13 in Dodging
163766 | Dis:7    | Reached skill level 14 in Dodging
164136 | Dis:7    | Reached skill level 15 in Dodging
164150 | Dis:7    | disjunction pls
164172 | Dis:7    | HP: 9/273 [caustic shrike (33)]
164219 | Dis:7    | Reached skill level 18 in Armour
164569 | Dis:7    | Noticed a juggernaut
164579 | Dis:7    | Killed a juggernaut
165382 | Dis:7    | Reached skill level 19 in Armour
166325 | Dis:7    | Found the +4 staff of Dispater
166325 | Dis:7    | Noticed Dispater
166355 | Dis:7    | Killed Dispater
166405 | Dis:7    | Got an iron rune of Zot
166436 | Dis:7    | Noticed a juggernaut
166441 | Dis:7    | Killed a juggernaut
166843 | Tar:1    | Entered Level 1 of Tartarus
166844 | Tar:1    | Noticed an ancient lich
166847 | Tar:1    | Killed an ancient lich
166848 | Tar:1    | Reached skill level 20 in Armour
168163 | Tar:4    | Reached skill level 21 in Armour
169169 | Tar:6    | Reached skill level 22 in Armour
169406 | Tar:7    | Entered Level 7 of Tartarus
169821 | Tar:7    | Reached skill level 16 in Dodging
170545 | Tar:7    | Reached skill level 17 in Dodging
171319 | Tar:7    | Noticed Ereshkigal
171359 | Tar:7    | Killed Ereshkigal
171380 | Tar:7    | Reached skill level 18 in Dodging
172171 | Tar:7    | Found the +5 glaive of the Guard {elec, spectral, AC+5}
172298 | Tar:7    | Got a bone rune of Zot
172856 | Zot:5    | Got the Orb of Zot
172994 | Zot:1    | Noticed Rium the pandemonium lord
173000 | Zot:1    | Killed Rium the pandemonium lord
173041 | Zot:1    | Reached skill level 19 in Dodging
173627 | D:$      | Escaped with the Orb!

Illustrated notes ######## #......# #.∩..∩.# #......# ###''### #......# #'▓..▓'# #@▓..▓.# #.▓..▓.# #.▓..▓.# #.▓..▓.# #.▓▓▓▓"# #..=...# ######## Turn 79939 on Trove: not worth the 14 curing, useless junk

# ##.. #...# #
....##....## #
#.......## #
#........# ... #
.........# ... #
..###....# ....
#
....#....##.....
#
#.........#.....
# #......@...# #
....#..bb.#..# #
#####.....# '..
# ..........1. 1
# ....)........
#
.##.#....#..#..
# #......#.... .
.............
#...#...##...#


Turn 164150 on Dis:7: disjunction pls

Levels and vault maps discovered:
D:1:      wander_arrival_fairy_ring, layout_rooms,
          hellmonk_ecumenical_altar_slurped_away
D:2:      layout_basic
D:3:      minmay_door_path, layout_rooms
D:4:      layout_rooms, kennysheep_generic_room_12
D:5:      layout_cave_pools, mainiacjoe_overflow_paths,
          minmay_temple_entry_statues_pillars, skrybe_limestone_x
D:6:      layout_basic, lemuel_crystal_altar, kennysheep_little_box,
          mainiacjoe_overflow_two_lobes, minmay_diced_spiral, uniq_maggie,
          uniq_duvessa
D:7:      layout_loops_corners
D:8:      layout_gridville, minivault_14, sword_in_stone, uniq_psyche,
          uniq_erica
D:9:      layout_long_grid, vehumet_statue, mainiacjoe_overflow_alcove_4,
          minivault_13
D:10:     layout_long_grid, mainiacjoe_overflow_24_doors, general_overflow_altar
D:11:     layout_small_grid, dpeg_oklobed_lair, uniq_gastronok, uniq_snorg
D:12:     layout_roguey, kennysheep_orc_monster_closet_entryway
D:13:     cross_vault, layout_irregular_city, kennysheep_doodads
D:14:     layout_basic, skrybe_vaults_entry_preservation,
          infiniplex_staircase_pillars_3a, hex_large, nicolae_shop_self_help,
          uniq_azrael
D:15:     grunt_enter_depths_snipers, layout_gridville,
          nicolae_trove_entry_diagonal, minmay_shop_chei, uniq_rupert
Temple:   cyrus_circular_temple
Lair:1:   layout_chaotic_city, st_stairs_7, serial_bayou_pond_a
Lair:2:   layout_small_grid, minmay_snake_entry_guardpost_medium,
          serial_bayou_pond_a, nzn_sisyphean_effort, uniq_amaemon
Lair:3:   layout_regular_city, elwin_shoals_entry_rocks,
          gammafunk_ghost_cemetery, lemuel_fruit_fields
Lair:4:   beast_lair_carwin_large_2, layout_cellular_growth,
          hellmonk_guarded_unrand_zhor, infiniplex_staircase_pool_2, uniq_kirke
Lair:5:   cheibrodos_lair_end_hotspot, layout_regular_city,
          dpeg_slime_entry_corner, kennysheep_abandoned_house
Shoals:1: layout_shoals, gammafunk_ghost_grave,
          nicolae_shoals_beach_house_on_fowls_legs, uniq_donald
Shoals:2: layout_shoals
Shoals:3: layout_shoals
Shoals:4: shoals_end_hangedman, layout_shoals, shoals_ilsuiw_alternative,
          overgrown_tower
Snake:1:  layout_concentric_octagons, nicolae_integral_box
Snake:2:  layout_honeycomb, basic_altar, grunt_ministairs_10, minmay_snake_pond,
          uniq_vashnia, uniq_frances
Snake:3:  layout_honeycomb, basic_altar, uniq_nikola, uniq_aizul
Snake:4:  grunt_snake_rune_spirals, layout_onion, serial_shops,
          nicolae_shop_waterfront, nicolae_shop_advertising_works
          [nicolae_subvault_shop_adworks]
Slime:1:  layout_caves
Slime:2:  layout_caves
Slime:3:  layout_caves, nicolae_slime_phagocytosis
Slime:4:  layout_caves, cheibrodos_slime_lost_civilization_6
Slime:5
Orc:1:    layout_caves, serial_shops, nicolae_shop_crystal, minmay_orc_keep,
          uniq_jorgrun
Orc:2:    pf_orc_diabolical, layout_caves, uniq_saint_roka
Elf:1:    nicolae_elf_arrival_aired_out, layout_loops_corners, serial_shops,
          shop, hangedman_corner_corridor, nicolae_danse_macabre
Elf:2:    elven_hall_of_blades_hangedman_original [nicolae_blade_bullseye],
          layout_loops_corners, gammafunk_ghost_fury_of_okawaru, moated_statue
Elf:3:    elf_hall, layout_geoelf_diagonals, serial_shops, shop_statue,
          david_greed, uniq_mara
Vaults:1: ontoclasm_vaults_loading_screen, vaults_room_octagon,
          hangedman_vaults_maws, hangedman_vaults_slice, v_rooms_2,
          vaults_mumra_hexcomb, grunt_vaults_trifunnel,
          nicolae_vaults_stairing_the_circle, vaults_dpeg_hooks,
          vaults_dpeg_emergency_exit, vaults_room_hangedman_quadrants,
          ontoclasm_vaults_decontamination, layout_vaults_omnicross,
          serial_shops, nicolae_shop_bloodbath_and_beyond
Vaults:2: hangedman_vaults_slice, minmay_crypt_entry_skeletal_spiral,
          vaults_room_semicircle, vaults_room_door_ring, v_misc_16,
          ontoclasm_vaults_ligature, v_misc_17, v_misc_17, vaults_dpeg_ring,
          nicolae_vaults_mini_display_case, layout_vaults_omnigrid,
          uniq_asterion, uniq_frederick
Vaults:3: mu_enter_wizlab_5, v_misc_33, hangedman_vaults_trim, v_misc_10,
          dpeg_vaults_monster_row, nicolae_vaults_hallways_thing,
          vaults_mumra_minichess_inversion, v_misc_23, v_alt_pattern_5,
          v_misc_24, v_misc_15, vaults_room_grid, ontoclasm_vaults_idyll,
          nicolae_vaults_theta, layout_vaults_omnibox
Vaults:4: nicolae_vaults_big_ls, nicolae_vaults_yaktaur_gun_rack,
          hangedman_vaults_stream, ontoclasm_vaults_misaligned,
          st_smaller_cells, grunt_vaults_hallway_short, v_misc_30,
          hangedman_vaults_trim, hangedman_vaults_locks,
          ontoclasm_vaults_loading_screen, ontoclasm_vaults_pinch,
          vaults_room_semicircle, layout_vaults_ring
Vaults:5: uniq_xtahua, uniq_jory, uniq_margery
Crypt:1:  layout_gridlike, gammafunk_ghost_crypt, grunt_ministairs_3,
          weyrava_ghost_lake, uniq_vv, uniq_sojobo, uniq_khufu
Crypt:2:  layout_gridlike, serial_corexii_hall, corexii_hall_statues_i,
          corexii_hall_statues_x, corexii_hall_statues_x,
          chequers_hall_statues_wall_a, uniq_zenata, uniq_josephina
Crypt:3:  david_glass_crypt, layout_misc_corridors,
          tomb_entry_forgotten_bobbens, nicolae_fountain_basement
Tomb:1
Tomb:2
Tomb:3
Depths:1: layout_gridville, hangedman_abyss_or_decor_stagger,
          grunt_hell_entry_dis_old, serial_bayou_ford_a, grunt_gozag_breadcrumbs
Depths:2: minmay_the_grid_octo_tiled_squarecenter_mashed
          [minmay_the_grid_octo_toaster, minmay_the_grid_octo_77,
          minmay_the_grid_octo_thin_diamonds, minmay_the_grid_octo_horde,
          minmay_the_grid_square_5x5_megaprize_hollow,
          minmay_the_grid_square_5x5_three_walls,
          minmay_the_grid_square_5x5_minivault, minmay_the_grid_square_5x5_six,
          minmay_the_grid_square_5x5_hourglass], layout_basic, enter_ziggurat_c,
          grunt_pan_entry_spiral, nicolae_elyvilon_temple_path, hell_entry,
          abyss_entry, trog_three_pillars_becter
Depths:3: little_maze_vault, layout_gridlike, chequers_serial_rivers_small_b,
          abyss_entry_crystal, hell_entry, gammafunk_ghost_cemetery,
          serial_shops, nicolae_square_shop, minmay_protected_statue,
          uniq_enchantress
Depths:4: grunt_zot_entry_tricorne, layout_cave_pools, minmay_misc_feat_cross,
          hell_entry, grunt_decor_one_mirror
Hell
Dis:1:    layout_gridville
Dis:2:    layout_gridville
Dis:3:    layout_regular_city, nicolae_dis_bowling_alley
Dis:4:    layout_regular_city
Dis:5:    layout_gridville, nicolae_dis_fourth_circle
Dis:6:    layout_subdivisions, nrook_loot_triangle
Dis:7:    dis_st
Geh:1:    layout_gehenna_pools_basic
Geh:2:    layout_gehenna_pools_triple
Geh:3:    layout_gehenna_lava_caves
Geh:4:    layout_gehenna_pools_basic, nicolae_geh_lava_rosette
Geh:5:    layout_gehenna_pools_triple
Geh:6:    layout_gehenna_pools_triple, nicolae_geh_single_fiery_grave
Geh:7:    geh_old
Coc:1:    layout_ice_bergs
Coc:2:    layout_ice_bergs
Coc:3:    layout_ice_bergs
Coc:4:    layout_ice_bergs
Coc:5:    layout_cocytus_water_paths
Coc:6:    layout_cocytus_water_paths
Coc:7:    coc_hangedman
Tar:1:    nicolae_hells_demon_pit, layout_cathedral_of_symmetry
Tar:2:    layout_cathedral_of_symmetry
Tar:3:    layout_grid_maze
Tar:4:    layout_honeycomb, nicolae_tar_combbox
Tar:5:    layout_grid_maze
Tar:6:    layout_grid_maze
Tar:7:    tar_mu [tar_mu_maze]
Zot:1:    layout_concentric_octagons, evilmike_ambush
          [evilmike_ambush_outer_pillars, evilmike_ambush_inner_wall_1]
Zot:2:    layout_onion, gammafunk_ghost_berserking_beasts
Zot:3:    layout_twisted_circle, lemuel_elevator
Zot:4:    layout_cellular_growth
Zot:5:    layout_twisted_circle

Skill      XL: |  1  2  3  4  5  6  7  8  9 10 11 12 13 14 15 16 17 18 19 20 21 22 23 24 25 26 27 |
---------------+----------------------------------------------------------------------------------+-----
Dodging        | 2 19 | 19.2
Spellcasting   | 2 3 4 5 7 10 11 12 13 14 17 18 19 21 27 | 27.0
Conjurations   | 4 5 6 7 9 10 12 13 14 | 14.0
Hexes          | 1 2 3 4 5 6 |  6.0
Translocations | 3 5 6 10 14 18 | 18.7
Invocations    | 6 9 12 22 | 22.6
Fighting       | 2 3 5 9 27 | 27.0
Evocations     | 4 5 27 | 27.0
Earth Magic    | 10 15 18 20 23 25 26 | 26.0
Summonings     | 12 13 | 13.0
Transmutations | 4 |  4.0
Ice Magic      | 26 | 26.0
Axes           | 2 |  2.1
Armour         | 22 | 22.0
Stealth        | |  2.4

Action                     |  1- 3 |  4- 6 |  7- 9 | 10-12 | 13-15 | 16-18 | 19-21 | 22-24 | 25-27 || total
---------------------------+-------+-------+-------+-------+-------+-------+-------+-------+-------++-------
  Melee: Unarmed           |    41 |       |     5 |       |       |       |       |       |       ||    46
         Punch             |     1 |       |       |       |       |       |       |       |       ||     1
         Mace              |    30 |       |       |       |       |       |       |       |       ||    30
         Flail             |     4 |     6 |     6 |       |       |       |       |       |       ||    16
         Whip              |       |    30 |       |       |       |       |       |       |       ||    30
         Dagger            |       |       |    14 |     6 |       |       |       |       |       ||    20
         Scimitar          |       |       |       |       |       |       |     2 |       |    25 ||    27
         Staff             |       |       |       |       |       |       |       |       |    24 ||    24
   Fire: Sling             |     9 |    82 |    40 |    16 |       |       |       |       |       ||   147
         Shortbow          |       |       |     8 |    43 |   108 |   294 |       |       |       ||   453
         Arbalest          |       |       |       |       |       |       |       |       |    11 ||    11
  Throw: Dart              |       |       |       |    35 |    15 |       |       |       |     2 ||    52
   Cast: Magic Dart        |    33 |    27 |    78 |    41 |    71 |   110 |   341 |   237 |    45 ||   983
         Foxfire           |     8 |    20 |    49 |     2 |       |       |     1 |   165 |       ||   245
         Searing Ray       |     3 |    17 |    61 |    52 |    69 |    14 |     4 |     1 |       ||   221
         Fulminant Prism   |       |     1 |    15 |   258 |   550 |   251 |   110 |    98 |   238 ||  1521
         Momentum Strike   |       |       |     6 |       |       |       |       |       |       ||     6
         Blink             |       |       |     4 |     5 |    14 |    15 |    17 |     4 |    21 ||    80
         Iskenderun's Myst |       |       |     2 |    57 |   119 |    52 |    38 |    20 |    75 ||   363
         Tukima's Dance    |       |       |       |     4 |     5 |       |       |       |       ||     9
         Iron Shot         |       |       |       |       |    60 |    99 |    92 |   179 |   108 ||   538
         Borgnjor's Vile C |       |       |       |       |    78 |   250 |    65 |    73 |   510 ||   976
         Shatter           |       |       |       |       |       |    73 |   161 |   216 |   890 ||  1340
         Iskenderun's Batt |       |       |       |       |       |    35 |   186 |   186 |    24 ||   431
         Lee's Rapid Decon |       |       |       |       |       |       |    13 |       |       ||    13
         Fireball          |       |       |       |       |       |       |     1 |    21 |   154 ||   176
         Cause Fear        |       |       |       |       |       |       |       |    13 |    42 ||    55
         Disjunction       |       |       |       |       |       |       |       |    20 |   224 ||   244
         Irradiate         |       |       |       |       |       |       |       |    20 |   116 ||   136
         Spellforged Servi |       |       |       |       |       |       |       |       |  1116 ||  1116
         Orb of Destructio |       |       |       |       |       |       |       |       |   339 ||   339
         Lehudib's Crystal |       |       |       |       |       |       |       |       |   390 ||   390
         Ozocubu's Armour  |       |       |       |       |       |       |       |       |   142 ||   142
         Polar Vortex      |       |       |       |       |       |       |       |       |    73 ||    73
         Yara's Violent Un |       |       |       |       |       |       |       |       |    52 ||    52
         Summon Guardian G |       |       |       |       |       |       |       |       |    45 ||    45
         Hailstorm         |       |       |       |       |       |       |       |       |    35 ||    35
         Dragon's Call     |       |       |       |       |       |       |       |       |     2 ||     2
         Kindle Blastspark |       |       |       |       |       |       |       |       |     2 ||     2
 Invoke: Channel Magic     |       |       |       |     6 |    20 |    21 |    19 |    31 |   272 ||   369
         Forget Spell      |       |       |       |       |       |       |       |       |     6 ||     6
         Divine Exegesis   |       |       |       |       |       |       |       |       |     2 ||     2
  Evoke: Box of beasts     |       |       |       |       |     1 |       |       |       |       ||     1
         Lightning rod     |       |       |       |       |       |     1 |       |       |     3 ||     4
         Wand              |       |       |       |       |       |       |       |       |     1 ||     1
         Condenser vane    |       |       |       |       |       |       |       |       |     1 ||     1
    Use: Scroll            |     3 |    11 |     5 |    12 |    12 |     4 |     5 |     4 |    22 ||    78
         Potion            |     1 |     4 |     1 |     1 |     1 |     2 |       |       |    37 ||    47
   Stab: Sleeping          |       |       |       |     1 |       |       |       |       |       ||     1
 Armour: Scale mail        |    54 |       |       |       |       |       |       |       |       ||    54
         Robe              |     2 |    29 |    25 |    18 |    91 |   127 |    42 |    27 |   334 ||   695
         Steam dragon scal |       |       |    13 |    13 |     1 |       |       |       |       ||    27
         Animal skin       |       |       |       |       |     7 |       |       |       |       ||     7
         Ring mail         |       |       |       |       |       |     6 |       |       |       ||     6
  Dodge: Dodged            |    51 |    56 |    97 |    75 |   163 |   143 |    77 |   100 |   896 ||  1658

Table legend: (Time is in decaauts)
 A = Elapsed time spent in this place.
 B = Non-inter-level travel time spent in this place.
 C = Inter-level travel time spent in this place.
 D = Time resting spent in this place.
 E = Time spent auto-exploring this place.
 F = Levels seen in this place.
 G = Mean time per level.
                   A        B        C        D        E       F      G
               +--------+--------+--------+--------+--------+-----+--------+
         Total | 174690 | 155870 |  18820 |  60096 |  45642 | 113 | 1545.9 |
       Dungeon |  33718 |  26982 |   6736 |   8630 |   6112 |  15 | 2247.9 |
        Temple |     18 |     18 |      0 |      0 |      0 |   1 |   18.0 |
          Lair |   9180 |   6474 |   2706 |   1360 |   2260 |   5 | 1836.0 |
        Shoals |   5754 |   5362 |    392 |   2079 |   2207 |   4 | 1438.5 |
     Snake Pit |   6433 |   5629 |    804 |   1302 |   2230 |   4 | 1608.2 |
    Slime Pits |   5123 |   4667 |    456 |   2311 |   1153 |   5 | 1024.6 |
  Orcish Mines |   2547 |   2229 |    318 |    523 |    724 |   2 | 1273.5 |
   Elven Halls |   6060 |   5694 |    366 |   1185 |   2857 |   3 | 2020.0 |
        Vaults |  14732 |  12870 |   1862 |   6358 |   3774 |   5 | 2946.4 |
         Crypt |   6553 |   5986 |    567 |   2868 |   1784 |   3 | 2184.3 |
          Tomb |   3568 |   3252 |    316 |   1163 |   1050 |   3 | 1189.3 |
        Depths |  13600 |  11651 |   1949 |   6635 |   2950 |   4 | 3400.0 |
          Hell |   1423 |   1214 |    209 |    389 |    320 |   1 | 1423.0 |
           Dis |   5504 |   5366 |    138 |   2624 |   1428 |   7 |  786.3 |
       Gehenna |   4261 |   3963 |    298 |   1524 |    819 |   7 |  608.7 |
       Cocytus |   4463 |   4305 |    158 |   1809 |   1436 |   7 |  637.6 |
      Tartarus |   5685 |   5450 |    235 |   2250 |   1767 |   7 |  812.1 |
           Zot |  13515 |  12209 |   1306 |   5834 |   3311 |   5 | 2703.0 |
         Abyss |   8281 |   8281 |      0 |   3293 |   1164 |   9 |  920.1 |
   Pandemonium |  23379 |  23379 |      0 |   7616 |   8134 |  14 | 1669.9 |
         Trove |    124 |    124 |      0 |      0 |     65 |   1 |  124.0 |
        Wizlab |    756 |    756 |      0 |    339 |     93 |   1 |  756.0 |
               +--------+--------+--------+--------+--------+-----+--------+

Top non-repeatable levels by time:
 Abyss:2: 5328 daAuts
Depths:3: 4683 daAuts
Vaults:2: 4180 daAuts
Depths:2: 4100 daAuts
    D:14: 3504 daAuts
   Zot:4: 3450 daAuts
   Dis:7: 3367 daAuts
Depths:1: 3221 daAuts
Vaults:4: 3149 daAuts
   Tar:7: 3124 daAuts
     D:6: 3090 daAuts
Vaults:1: 3065 daAuts
   Zot:5: 2985 daAuts
    D:13: 2983 daAuts
 Crypt:2: 2966 daAuts
